Workbook

Sheet PRESUPUESTO OFICIAL
B2: FORMATO | F2: VIGENCIA | J2: PROCESO
F3: 2025 | J3: Proyectos
B4: FONDO DE DESARROLLO LOCAL DE CANDELARIA
B7: PRESUPUESTO OFICIAL
B9: OBJETO DEL CONTRATO | F9: CONTRATAR POR EL SISTEMA DE PRECIOS UNITARIOS FIJOS Y A MONTO AGOTABLE, EL DIAGNOSTICO, LAS OBRAS DE CONSERVACIÓN Y ACCIONES DE MOVILIDAD DE LA MALLA VIAL URBANA LOCAL E INTERMEDIA Y SU ESPACIO PUBLICO ASOCIADO, DE LA LOCALIDAD DE CANDELARIA EN BOGOTA D.C.
B14: No. | C14: CIV | D14: ELEMENTO (PK) | E14: EJE VIAL | F14: DESDE | G14: HASTA | H14: TIPO DE MATERIAL | I14: TIPO DE MALLA VIAL | J14: AREA (m2) | K14: VALOR M2 | L14: TIPO DE INTERVENCIÓN | M14: COSTO DIRECTO
B15: 1 | C15: 17000181 | D15: 189747 | E15: CALLE 11 | F15: CARRERA 4 | G15: CARRERA 5 | H15: FLEXIBLE | I15: INTERMEDIA | J15: 665.7 | K15: =VLOOKUP(L15,'VALORES DE REFERENCIA'!$C$2:$E$17,3,0) -> 108638 | L15: MANTENIMIENTO PERIÓDICO DE MALLA VIAL INTERMEDIA EN CONCRETO ASFÁLTICO, (INCLUYE 50% BACHEO-3 ML SELLO DE GRIETAS, LIMPIEZA DE SUMIDEROS, LIMPIEZA DE POZOS, TRANSPORTE Y DISPOSICION DE ESCOMBROS A 21KM. HORARIO NOCTURNO | M15: =K15*J15 -> 72320317 | N15: =SUM(J15:J30)/3500 -> 2.2026857
B16: 2 | C16: 17000118 | D16: 189762 | E16: CALLE 12 | F16: CARRERA 6 | G16: CARRERA 7 | H16: FLEXIBLE | I16: INTERMEDIA | J16: 719.97 | K16: =VLOOKUP(L16,'VALORES DE REFERENCIA'!$C$2:$E$17,3,0) -> 108638 | L16: MANTENIMIENTO PERIÓDICO DE MALLA VIAL INTERMEDIA EN CONCRETO ASFÁLTICO, (INCLUYE 50% BACHEO-3 ML SELLO DE GRIETAS, LIMPIEZA DE SUMIDEROS, LIMPIEZA DE POZOS, TRANSPORTE Y DISPOSICION DE ESCOMBROS A 21KM. HORARIO NOCTURNO | M16: =K16*J16 -> 78216101
B17: 3 | C17: 17000146 | D17: 189749 | E17: CALLE 11 | F17: CARRERA 6 | G17: CARRERA 7 | H17: FLEXIBLE | I17: INTERMEDIA | J17: 688.06 | K17: =VLOOKUP(L17,'VALORES DE REFERENCIA'!$C$2:$E$17,3,0) -> 108638 | L17: MANTENIMIENTO PERIÓDICO DE MALLA VIAL INTERMEDIA EN CONCRETO ASFÁLTICO, (INCLUYE 50% BACHEO-3 ML SELLO DE GRIETAS, LIMPIEZA DE SUMIDEROS, LIMPIEZA DE POZOS, TRANSPORTE Y DISPOSICION DE ESCOMBROS A 21KM. HORARIO NOCTURNO | M17: =K17*J17 -> 74749462
B18: 4 | C18: 17000116 | D18: 189797 | E18: CALLE 12 D | F18: CARRERA 1 A | G18: CARRERA 1 BIS | H18: MIXTO | I18: INTERMEDIA | J18: 235.59 | K18: 211981 | L18: MANTENIMIENTO PERIÓDICO DE MALLA VIAL INTERMEDIA EN CONCRETO HIDRÁULICO, INCLUYE LIMPIEZA DE POZOS Y SUMIDEROS, REPOSICION DE LOSAS, SELLO DE JUNTAS, TRANSPORTE Y DISPOSICION DE ESCOMBROS A 21KM. HORARIO NOCTURNO | M18: =K18*J18 -> 49940604
B19: 5 | C19: 17000163 | D19: 189748 | E19: CALLE 11 | F19: CARRERA 5 | G19: CARRERA 6 | H19: FLEXIBLE | I19: LOCAL | J19: 726.31 | K19: =VLOOKUP(L19,'VALORES DE REFERENCIA'!$C$2:$E$17,3,0) -> 211981 | L19: MANTENIMIENTO PERIÓDICO DE MALLA VIAL INTERMEDIA EN CONCRETO HIDRÁULICO, INCLUYE LIMPIEZA DE POZOS Y SUMIDEROS, REPOSICION DE LOSAS, SELLO DE JUNTAS, TRANSPORTE Y DISPOSICION DE ESCOMBROS A 21KM. HORARIO NOCTURNO | M19: =K19*J19 -> 1.5396392e+08
B20: 6 | C20: 17000424 | D20: 189820 | E20: CALLE 4 A BIS | F20: CARRERA 1 A | G20: CARRERA 2 | H20: MIXTO | I20: LOCAL | J20: 250.34 | K20: 482401 | L20: REHABILITACIÓN DE MALLA VIAL LOCAL EN PAVIMENTO RÍGIDO: LOSAS EN CONCRETO HIDRÁULICO MR-45 e=0.20m (NO INCLUYE SARDINEL) | M20: =K20*J20 -> 1.2076427e+08
B21: 7 | C21: 17000290 | D21: 189655 | E21: CARRERA 5 | F21: CALLE 6 D BIS | G21: CALLE 7 | H21: FLEXIBLE | I21: INTERMEDIA | J21: 588.98 | K21: =VLOOKUP(L21,'VALORES DE REFERENCIA'!$C$2:$E$17,3,0) -> 108638 | L21: MANTENIMIENTO PERIÓDICO DE MALLA VIAL INTERMEDIA EN CONCRETO ASFÁLTICO, (INCLUYE 50% BACHEO-3 ML SELLO DE GRIETAS, LIMPIEZA DE SUMIDEROS, LIMPIEZA DE POZOS, TRANSPORTE Y DISPOSICION DE ESCOMBROS A 21KM. HORARIO NOCTURNO | M21: =K21*J21 -> 63985609
B22: 8 | C22: 17000137 | D22: 189761 | E22: CALLE 12 | F22: CARRERA 5 | G22: CARRERA 6 | H22: FLEXIBLE | I22: INTERMEDIA | J22: 591.67 | K22: =VLOOKUP(L22,'VALORES DE REFERENCIA'!$C$2:$E$17,3,0) -> 108638 | L22: MANTENIMIENTO PERIÓDICO DE MALLA VIAL INTERMEDIA EN CONCRETO ASFÁLTICO, (INCLUYE 50% BACHEO-3 ML SELLO DE GRIETAS, LIMPIEZA DE SUMIDEROS, LIMPIEZA DE POZOS, TRANSPORTE Y DISPOSICION DE ESCOMBROS A 21KM. HORARIO NOCTURNO | M22: =K22*J22 -> 64277845
B23: 9 | C23: 17000100 | D23: 189763 | E23: CALLE 12 | F23: CARRERA 7 | G23: CARRERA 8 | H23: FLEXIBLE | I23: INTERMEDIA | J23: 686.56 | K23: =VLOOKUP(L23,'VALORES DE REFERENCIA'!$C$2:$E$17,3,0) -> 108638 | L23: MANTENIMIENTO PERIÓDICO DE MALLA VIAL INTERMEDIA EN CONCRETO ASFÁLTICO, (INCLUYE 50% BACHEO-3 ML SELLO DE GRIETAS, LIMPIEZA DE SUMIDEROS, LIMPIEZA DE POZOS, TRANSPORTE Y DISPOSICION DE ESCOMBROS A 21KM. HORARIO NOCTURNO | M23: =K23*J23 -> 74586505
B24: 10 | C24: 17000091 | D24: 189778 | E24: CALLE 12 | F24: CARRERA 5 | G24: CARRERA 9 | H24: FLEXIBLE | I24: INTERMEDIA | J24: 662.03 | K24: =VLOOKUP(L24,'VALORES DE REFERENCIA'!$C$2:$E$17,3,0) -> 108638 | L24: MANTENIMIENTO PERIÓDICO DE MALLA VIAL INTERMEDIA EN CONCRETO ASFÁLTICO, (INCLUYE 50% BACHEO-3 ML SELLO DE GRIETAS, LIMPIEZA DE SUMIDEROS, LIMPIEZA DE POZOS, TRANSPORTE Y DISPOSICION DE ESCOMBROS A 21KM. HORARIO NOCTURNO | M24: =K24*J24 -> 71921615
B25: 11 | C25: 17000046 | D25: 189697 | E25: CARRERA 8 | F25: CALLE 12 B | G25: CALLE 12 C | H25: FLEXIBLE | I25: INTERMEDIA | J25: 674.72 | K25: 482401 | L25: REHABILITACIÓN DE MALLA VIAL INTERMEDIA EN PAVIMENTO RÍGIDO: LOSAS EN CONCRETO HIDRÁULICO MR-45 e=0.20m (NO INCLUYE SARDINEL), INCLUYE DEMOLICIÓN, EXCAVACIÓN, CORTE DE PAVIMENTO, SELLADO DE JUNTAS, CURADO, DEMARCACIÓN, TRANSPORTE Y DISPOSICION DE ESCOMBROS A 21KM. | M25: =K25*J25 -> 3.254856e+08
B26: 12 | C26: 17000341 | D26: 189667 | E26: CARRERA 6 | F26: CALLE 6 B | G26: CALLE 6 C | H26: FLEXIBLE | I26: INTERMEDIA | J26: 208.34 | K26: =VLOOKUP(L26,'VALORES DE REFERENCIA'!$C$2:$E$17,3,0) -> 390101 | L26: REHABILITACIÓN DE MALLA VIAL INTERMEDIA EN PAVIMENTO FLEXIBLE e= 0.17m (NO INCLUYE SARDINEL), INCLUYE DEMOLICIÓN, EXCAVACIÓN, RIEGO, IMPRIMACIÓN, DEMARCACIÓN, TRANSPORTE Y DISPOSICION DE ESCOMBROS A 21KM. | M26: =K26*J26 -> 81273642
B27: 13 | C27: 17000159 | D27: 189591 | E27: CARRERA 1 | F27: CALLE 12 B BIS A | G27: CALLE 12 C | H27: MIXTO | I27: INTERMEDIA | J27: 158.95 | K27: 482401 | L27: REHABILITACIÓN DE MALLA VIAL INTERMEDIA EN PAVIMENTO RÍGIDO: LOSAS EN CONCRETO HIDRÁULICO MR-45 e=0.20m (NO INCLUYE SARDINEL), INCLUYE DEMOLICIÓN, EXCAVACIÓN, CORTE DE PAVIMENTO, SELLADO DE JUNTAS, CURADO, DEMARCACIÓN, TRANSPORTE Y DISPOSICION DE ESCOMBROS A 21KM. | M27: =K27*J27 -> 76677639
B28: 14 | C28: 17000299 | D28: 189727 | E28: CALLE 6 C BIS | F28: CARRERA 6 | G28: CARRERA 7 | H28: FLEXIBLE | I28: LOCAL | J28: 352.42 | K28: =VLOOKUP(L28,'VALORES DE REFERENCIA'!$C$2:$E$17,3,1) -> 108638 | L28: MANTENIMIENTO PERIÓDICO DE MALLA VIAL INTERMEDIA EN CONCRETO ASFÁLTICO, (INCLUYE 50% BACHEO-3 ML SELLO DE GRIETAS, LIMPIEZA DE SUMIDEROS, LIMPIEZA DE POZOS, TRANSPORTE Y DISPOSICION DE ESCOMBROS A 21KM. HORARIO NOCTURNO | M28: =K28*J28 -> 38286204
B29: 15 | C29: 17000182 | D29: 189589 | E29: CARRERA 1 | F29: CALLE 12 B | G29: CALLE 12 B BIS | H29: MIXTO | I29: INTERMEDIA | J29: 257.71 | K29: 482401 | L29: REHABILITACIÓN DE MALLA VIAL INTERMEDIA EN PAVIMENTO RÍGIDO: LOSAS EN CONCRETO HIDRÁULICO MR-45 e=0.20m (NO INCLUYE SARDINEL), INCLUYE DEMOLICIÓN, EXCAVACIÓN, CORTE DE PAVIMENTO, SELLADO DE JUNTAS, CURADO, DEMARCACIÓN, TRANSPORTE Y DISPOSICION DE ESCOMBROS A 21KM. | M29: =K29*J29 -> 1.2431956e+08
B30: 16 | C30: 17000168 | D30: 189590 | E30: CARRERA 1 | F30: CALLE 12 B BIS | G30: CALLE 12 B BIS A | H30: MIXTO | I30: INTERMEDIA | J30: 242.05 | K30: 482401 | L30: REHABILITACIÓN DE MALLA VIAL INTERMEDIA EN PAVIMENTO RÍGIDO: LOSAS EN CONCRETO HIDRÁULICO MR-45 e=0.20m (NO INCLUYE SARDINEL), INCLUYE DEMOLICIÓN, EXCAVACIÓN, CORTE DE PAVIMENTO, SELLADO DE JUNTAS, CURADO, DEMARCACIÓN, TRANSPORTE Y DISPOSICION DE ESCOMBROS A 21KM. | M30: =K30*J30 -> 1.1676516e+08
B31: ESPACIO PUBLICO
B32: 17 | C32: 17000178 | D32: 81882 | E32: CARRERA 9 | F32: CALLE 8 | G32: CALLE 9 | H32: ADOQUIN | I32: INTERMEDIA | J32: 284.09 | K32: 292684 | L32: REHABILITACIÓN DE ESPACIO PÚBLICO EN CONCRETO ESTAMPADO INCLUYE DEMOLICIÓN RETIRO Y REEMPLAZO DEL MATERIAL, EXCAVACIÓN, JUEGO DE MOLDES, CURADOR, DESMOLDANTE, TRANSPORTE Y DISPOSICION DE ESCOMBROS A 21KM. | M32: =K32*J32 -> 83148598
B33: 18 | C33: 17000178 | D33: 81881 | E33: CARRERA 9 | F33: CALLE 8 | G33: CALLE 9 | H33: ADOQUIN | I33: INTERMEDIA | J33: 113.22317 | K33: 292684 | L33: REHABILITACIÓN DE ESPACIO PÚBLICO EN CONCRETO ESTAMPADO INCLUYE DEMOLICIÓN RETIRO Y REEMPLAZO DEL MATERIAL, EXCAVACIÓN, JUEGO DE MOLDES, CURADOR, DESMOLDANTE, TRANSPORTE Y DISPOSICION DE ESCOMBROS A 21KM. | M33: =K33*J33 -> 33138612
B34: 26 | M34: =K34*J34 -> 0
B35: 27 | M35: =K35*J35 -> 0
B36: 28 | M36: =K36*J36 -> 0
B37: 29 | M37: =K37*J37 -> 0
B38: 30 | M38: =K38*J38 -> 0
B39: 31 | M39: =K39*J39 -> 0
B41: COSTO DIRECTO SEGMENTOS VIALES PRIORIZADOS | M41: =ROUND(SUM(M15:M39),0) -> 1703821266
B43: PROVISION COSTO DIRECTO ACCIONES DE MOVILIDAD | M43: =ROUND(M41*0.11,0) -> 187420339
B45: SUBTOTAL COSTOS DIRECTOS OBRA | M45: =M43+M41 -> 1891241605
B47: AIU | L47: =AIU!G10 -> 0.33251068 | M47: =ROUND(L47*M45,0) -> 628858036
B49: COSTOS OBRA INCLUIDO AIU | M49: =M45+M47 -> 2520099641
B51: COMPONENTE AMBIENTAL Y SST | L51: =M51/M45 -> 0.034882908 | M51: ='AMBIENTAL -SST'!M103 -> 65972006
B53: COMPONENTE PMT | L53: =M53/M45 -> 0.046803063 | M53: =PMT!M53 -> 88515900
B55: DIAGNOSTICOS ESTUDIOS Y DISEÑOS | L55: =M55/M49 -> 0.025 | M55: =ROUND(M49*0.025,0) -> 63002491
B57: IVA DIAGNOSTICOS | L57: =M57/M55 -> 0.19 | M57: =ROUND(M55*0.19,0) -> 11970473
B59: COMPONENTE SOCIAL | L59: =M59/M45 -> 0.012623547 | M59: =SOCIAL!M54 -> 23874177
B61: TOTAL COSTOS PROCESO LP | M61: =M59+M57+M55+M53+M51+M49 -> 2773434688
B62: SMMLV | L62: 1423500 | M62: =M61/L62 -> 1948.3208

Sheet PRECIOS UNITARIOS 
B2: FONDO DE DESARROLLO LOCAL DE LA CANDELARIA
B3: PRESUPUESTO OFICIAL
B4: OBJETO | C4: CONTRATAR POR EL SISTEMA DE PRECIOS UNITARIOS FIJOS Y A MONTO AGOTABLE, EL DIAGNOSTICO, LAS OBRAS DE CONSERVACIÓN Y ACCIONES DE MOVILIDAD DE LA MALLA VIAL URBANA LOCAL E INTERMEDIA Y SU ESPACIO PUBLICO ASOCIADO, DE LA LOCALIDAD DE CANDELARIA EN BOGOTA D.C.
B7: ITEM | C7: CODIGO IDU | D7: DESCRIPCIÓN | E7: UND. | F7: VALOR UNITARIO | G7: CANTIDAD | H7: VALOR TOTAL
B9: CAPITULO 1: PAVIMENTOS
B10: 1.1 | C10: 3007 | D10: =VLOOKUP(C10,'PRECIOS IDU1'!$B$2:$E$3190,2,0) -> REPLANTEO GENERAL | E10: =VLOOKUP(C10,'PRECIOS IDU1'!$B$2:$E$3190,3,0) -> M2 | F10: =VLOOKUP(C10,'PRECIOS IDU1'!$B$2:$E$3190,4,0) -> 909 | G10: 1 | H10: =G10*F10 -> 909
B11: 1.2 | C11: 3710 | D11: =VLOOKUP(C11,'PRECIOS IDU1'!$B$2:$E$3190,2,0) -> EXCAVACIÓN MECÁNICA EN MATERIAL COMÚN (INCLUYE CARGUE) | E11: =VLOOKUP(C11,'PRECIOS IDU1'!$B$2:$E$3190,3,0) -> M3 | F11: =VLOOKUP(C11,'PRECIOS IDU1'!$B$2:$E$3190,4,0) -> 5741 | G11: 1 | H11: =G11*F11 -> 5741
B12: 1.3 | C12: 3010 | D12: =VLOOKUP(C12,'PRECIOS IDU1'!$B$2:$E$3190,2,0) -> DEMOLICION PAVIMENTO ASFALTICO (INCLUYE CARGUE). NO INCLUYE TRANSPORTE Y DISPOSICIÓN FINAL DE SOBRANTES. | E12: =VLOOKUP(C12,'PRECIOS IDU1'!$B$2:$E$3190,3,0) -> M3 | F12: =VLOOKUP(C12,'PRECIOS IDU1'!$B$2:$E$3190,4,0) -> 38781 | G12: 1 | H12: =G12*F12 -> 38781
B13: 1.4 | C13: 3011 | D13: =VLOOKUP(C13,'PRECIOS IDU1'!$B$2:$E$3190,2,0) -> DEMOLICION MANUAL SARDINEL EXISTENTE (INCLUYE CARGUE). NO INCLUYE TRANSPORTE Y DISPOSICIÓN FINAL DE SOBRANTES. | E13: =VLOOKUP(C13,'PRECIOS IDU1'!$B$2:$E$3190,3,0) -> ML | F13: =VLOOKUP(C13,'PRECIOS IDU1'!$B$2:$E$3190,4,0) -> 6417 | G13: 1 | H13: =G13*F13 -> 6417
B14: 1.5 | C14: 3486 | D14: =VLOOKUP(C14,'PRECIOS IDU1'!$B$2:$E$3190,2,0) -> DEMOLICIÓN CONCRETO ESTRUCTURAL (INCLUYE CARGUE MANUAL). NO INCLUYE TRANSPORTE Y DISPOSICIÓN FINAL DE SOBRANTES. | E14: =VLOOKUP(C14,'PRECIOS IDU1'!$B$2:$E$3190,3,0) -> M3 | F14: =VLOOKUP(C14,'PRECIOS IDU1'!$B$2:$E$3190,4,0) -> 187178 | G14: 1 | H14: =G14*F14 -> 187178
B15: 1.6 | C15: 4613 | D15: =VLOOKUP(C15,'PRECIOS IDU1'!$B$2:$E$3190,2,0) -> TRANSPORTE Y DISPOSICION FINAL DE ESCOMBROS EN SITIO AUTORIZADO (DISTANCIA DE TRANSPORTE 28 KM) | E15: =VLOOKUP(C15,'PRECIOS IDU1'!$B$2:$E$3190,3,0) -> M3 | F15: =VLOOKUP(C15,'PRECIOS IDU1'!$B$2:$E$3190,4,0) -> 58200 | G15: 1 | H15: =G15*F15 -> 58200
B16: 1.7 | C16: 5380 | D16: =VLOOKUP(C16,'PRECIOS IDU1'!$B$2:$E$3190,2,0) -> TRANSPORTE DE MATERIAL PROVENIENTE DE SITIO DE OBRA AL SITIO DISPUESTO PARA MEZCLAS, ESTABILIZAR O DEJAR EN PATIOS DE ACOPIO DEL IDU, EN DISTANCIA HASTA 21 KM. | E16: =VLOOKUP(C16,'PRECIOS IDU1'!$B$2:$E$3190,3,0) -> M3 | F16: =VLOOKUP(C16,'PRECIOS IDU1'!$B$2:$E$3190,4,0) -> 44369 | G16: 1 | H16: =G16*F16 -> 44369
B17: 1.8 | C17: 7967 | D17: =VLOOKUP(C17,'PRECIOS IDU1'!$B$2:$E$3190,2,0) -> TRANSPORTE DE MATERIAL FRESADO PROVENIENTE DE SITIO DE OBRA AL SITIO DISPUESTO PARA MEZCLAS, ESTABILIZAR O DEJAR EN PATIOS DE ACOPIO DEL IDU. | E17: =VLOOKUP(C17,'PRECIOS IDU1'!$B$2:$E$3190,3,0) -> M3 | F17: =VLOOKUP(C17,'PRECIOS IDU1'!$B$2:$E$3190,4,0) -> 8369 | G17: 1 | H17: =G17*F17 -> 8369
B18: 1.9 | C18: 4034 | D18: =VLOOKUP(C18,'PRECIOS IDU1'!$B$2:$E$3190,2,0) -> GEOTEXTIL TEJIDO CON RESISTENCIA A LA TENSION METODO TIRA ANCHA SENTIDO LONGITUDINAL: ENTRE 90 KN/M Y 110 KN/M. PARA SEPARACION SUBRASANTE/CAPAS GRANULARES. (INCLUYE SUMINISTRO E INSTALACION). | E18: =VLOOKUP(C18,'PRECIOS IDU1'!$B$2:$E$3190,3,0) -> M2 | F18: =VLOOKUP(C18,'PRECIOS IDU1'!$B$2:$E$3190,4,0) -> 30940 | G18: 1 | H18: =G18*F18 -> 30940
B19: 1.10 | C19: 5843 | D19: =VLOOKUP(C19,'PRECIOS IDU1'!$B$2:$E$3190,2,0) -> GEOMALLA BIAXIAL PARA EL CONTROL DEL REFLEJO DE AGRIETAMIENTO EN CAPAS DE CONCRETO ASFALTICO, CON MODULO DE TENSION CICLICA MINIMO DE 2340 KN/M. (INCLUYE SUMINISTRO E INSTALACION). | E19: =VLOOKUP(C19,'PRECIOS IDU1'!$B$2:$E$3190,3,0) -> M2 | F19: =VLOOKUP(C19,'PRECIOS IDU1'!$B$2:$E$3190,4,0) -> 32622 | G19: 1 | H19: =G19*F19 -> 32622
B20: 1.11 | C20: 7900 | D20: =VLOOKUP(C20,'PRECIOS IDU1'!$B$2:$E$3190,2,0) -> GEOCELDA DE POLIETILENO DE ALTA DENSIDAD (PEAD-HDPE) CON ALTURA DE 150 MM. (INCLUYE SUMINISTRO E INSTALACION). | E20: =VLOOKUP(C20,'PRECIOS IDU1'!$B$2:$E$3190,3,0) -> M2 | F20: =VLOOKUP(C20,'PRECIOS IDU1'!$B$2:$E$3190,4,0) -> 73638 | G20: 1 | H20: =G20*F20 -> 73638
B21: 1.12 | C21: 8622 | D21: =VLOOKUP(C21,'PRECIOS IDU1'!$B$2:$E$3190,2,0) -> GEOTEXTIL TEJIDO PARA SEPARACIÓN SUBRASANTE/CAPAS GRANULARES (Incluye Suministro e Instalación) | E21: =VLOOKUP(C21,'PRECIOS IDU1'!$B$2:$E$3190,3,0) -> M2 | F21: =VLOOKUP(C21,'PRECIOS IDU1'!$B$2:$E$3190,4,0) -> 15087 | G21: 1 | H21: =G21*F21 -> 15087
... B77: 1.68 | C77: 7953 | D77: =VLOOKUP(C77,'PRECIOS IDU1'!$B$2:$E$3190,2,0) -> REDUCTOR DE VELOCIDAD TIPO RESALTO PARABOLICO DE 4 METROS DE ANCHO. EN CONCRETO PREMEZCLADO 4000 PSI (280 Kg/cm2) GRAVA COMÚN. SUMINISTRO E INSTALACION. (INCLUYE FORMALETA, REFUERZO, CURADO Y PINTURA). | E77: =VLOOKUP(C77,'PRECIOS IDU1'!$B$2:$E$3190,3,0) -> ML | F77: =VLOOKUP(C77,'PRECIOS IDU1'!$B$2:$E$3190,4,0) -> 1642168 | G77: 1 | H77: =G77*F77 -> 1642168
B78: CAPITULO 2: ESPACIO PUBLICO - ANDENES
B79: 2.1 | C79: 3012 | D79: =VLOOKUP(C79,'PRECIOS IDU1'!$B$2:$E$3190,2,0) -> DEMOLICIÓN PISOS DE CONCRETO (ESPESOR VARIABLE HASTA 0.10 M. INCLUYE CARGUE). NO INCLUYE TRANSPORTE Y DISPOSICIÓN FINAL DE SOBRANTES. | E79: =VLOOKUP(C79,'PRECIOS IDU1'!$B$2:$E$3190,3,0) -> M2 | F79: =VLOOKUP(C79,'PRECIOS IDU1'!$B$2:$E$3190,4,0) -> 8262 | G79: 1 | H79: =G79*F79 -> 8262
B80: 2.2 | C80: 5050 | D80: =VLOOKUP(C80,'PRECIOS IDU1'!$B$2:$E$3190,2,0) -> DEMOLICIÓN MANUAL DE CAMARA DE PASO DOBLE ETB (INCLUYE DEMOLICIÓN DE PLACA PISO, TAPA, MUROS Y CAÑUELAS Y CARGUE) | E80: =VLOOKUP(C80,'PRECIOS IDU1'!$B$2:$E$3190,3,0) -> UN | F80: =VLOOKUP(C80,'PRECIOS IDU1'!$B$2:$E$3190,4,0) -> 169067 | G80: 1 | H80: =G80*F80 -> 169067
B81: 2.3 | C81: 3464 | D81: =VLOOKUP(C81,'PRECIOS IDU1'!$B$2:$E$3190,2,0) -> EXCAVACION MANUAL EN MATERIAL COMUN. INCLUYE CARGUE. | E81: =VLOOKUP(C81,'PRECIOS IDU1'!$B$2:$E$3190,3,0) -> M3 | F81: =VLOOKUP(C81,'PRECIOS IDU1'!$B$2:$E$3190,4,0) -> 46379 | G81: 1 | H81: =G81*F81 -> 46379
B82: 2.4 | C82: 4021 | D82: =VLOOKUP(C82,'PRECIOS IDU1'!$B$2:$E$3190,2,0) -> GEOTEXTIL NO TEJIDO CON RESISTENCIA A LA TENSION GRAB: ENTRE 850 N Y 980 N. PARA ESTABILIZACION SUBRASANTE/CAPAS GRANULARES. (INCLUYE SUMINISTRO E INSTALACION). | E82: =VLOOKUP(C82,'PRECIOS IDU1'!$B$2:$E$3190,3,0) -> M2 | F82: =VLOOKUP(C82,'PRECIOS IDU1'!$B$2:$E$3190,4,0) -> 13158 | G82: 1 | H82: =G82*F82 -> 13158
B83: 2.5 | C83: 4907 | D83: =VLOOKUP(C83,'PRECIOS IDU1'!$B$2:$E$3190,2,0) -> SUBBASE GRANULAR PEATONAL SBG_PEA. SUMINISTRO, EXTENDIDO MANUAL, NIVELACIÓN, HUMEDECIMIENTO Y COMPACTACIÓN | E83: =VLOOKUP(C83,'PRECIOS IDU1'!$B$2:$E$3190,3,0) -> M3 | F83: =VLOOKUP(C83,'PRECIOS IDU1'!$B$2:$E$3190,4,0) -> 166688 | G83: 1 | H83: =G83*F83 -> 166688
B84: 2.6 | C84: 3394 | D84: =VLOOKUP(C84,'PRECIOS IDU1'!$B$2:$E$3190,2,0) -> LOSA DE CONCRETO MR41 (SUMINISTRO, FORMALETEADO, COLOCACIÓN Y ACABADO. NO INCLUYE ACERO, CURADO, JUNTAS) | E84: =VLOOKUP(C84,'PRECIOS IDU1'!$B$2:$E$3190,3,0) -> M3 | F84: =VLOOKUP(C84,'PRECIOS IDU1'!$B$2:$E$3190,4,0) -> 875661 | G84: 1 | H84: =G84*F84 -> 875661
B85: 2.7 | C85: 4593 | D85: =VLOOKUP(C85,'PRECIOS IDU1'!$B$2:$E$3190,2,0) -> ADOQUIN DE ARCILLA TR. LIVIANO 20X10X6CM (SUMINISTRO E INSTALACIÓN. INCLUYE BASE 4CM MORTERO 2000 Y ARENA DE SELLO) | E85: =VLOOKUP(C85,'PRECIOS IDU1'!$B$2:$E$3190,3,0) -> M2 | F85: =VLOOKUP(C85,'PRECIOS IDU1'!$B$2:$E$3190,4,0) -> 106337 | G85: 1 | H85: =G85*F85 -> 106337
B86: 2.8 | C86: 8471 | D86: =VLOOKUP(C86,'PRECIOS IDU1'!$B$2:$E$3190,2,0) -> MALLA ELECTROSOLDADA 0.15 X 0.15 M, D= 8,5 MM, 8,5 MM (INCLUYE SUMINISTRO, FIJACIÓN E INSTALACIÓN) | E86: =VLOOKUP(C86,'PRECIOS IDU1'!$B$2:$E$3190,3,0) -> KG | F86: =VLOOKUP(C86,'PRECIOS IDU1'!$B$2:$E$3190,4,0) -> 6948 | G86: 1 | H86: =G86*F86 -> 6948
B87: 2.9 | C87: 3465 | D87: =VLOOKUP(C87,'PRECIOS IDU1'!$B$2:$E$3190,2,0) -> CONCRETO 3000 PSI (HECHO EN OBRA 1:2:2 CON ARENA DE RÍO Y TRITURADO DE 3/4") | E87: =VLOOKUP(C87,'PRECIOS IDU1'!$B$2:$E$3190,3,0) -> M3 | F87: =VLOOKUP(C87,'PRECIOS IDU1'!$B$2:$E$3190,4,0) -> 546086 | G87: 1 | H87: =G87*F87 -> 546086
B88: 2.10 | C88: 3639 | D88: =VLOOKUP(C88,'PRECIOS IDU1'!$B$2:$E$3190,2,0) -> VIGA EN CONCRETO PREMEZCLADO DE 3500 PSI (24 Mpa) GRAVA COMUN (Incluye Sumin., bombeo con autobomba, Formaleteo en madera, Colocación y Curado. No incl. Refuerzo) | E88: =VLOOKUP(C88,'PRECIOS IDU1'!$B$2:$E$3190,3,0) -> M3 | F88: =VLOOKUP(C88,'PRECIOS IDU1'!$B$2:$E$3190,4,0) -> 896409 | G88: 1 | H88: =G88*F88 -> 896409
B89: 2.11 | C89: 3729 | D89: =VLOOKUP(C89,'PRECIOS IDU1'!$B$2:$E$3190,2,0) -> CONCRETO 1500 PSI GRAVA COMÚN PARA SOLADOS (PREMEZCLADO. INCLUYE SUMINISTRO Y COLOCACIÓN) | E89: =VLOOKUP(C89,'PRECIOS IDU1'!$B$2:$E$3190,3,0) -> M3 | F89: =VLOOKUP(C89,'PRECIOS IDU1'!$B$2:$E$3190,4,0) -> 609612 | G89: 1 | H89: =G89*F89 -> 609612
B90: 2.12 | C90: 4047 | D90: =VLOOKUP(C90,'PRECIOS IDU1'!$B$2:$E$3190,2,0) -> BORDILLO PREFABRICADO A80 (SUMINISTRO E INSTALACIÓN. INCLUYE 3CM MORTERO DE NIVELACIÓN 1:5) | E90: =VLOOKUP(C90,'PRECIOS IDU1'!$B$2:$E$3190,3,0) -> ML | F90: =VLOOKUP(C90,'PRECIOS IDU1'!$B$2:$E$3190,4,0) -> 67349 | G90: 1 | H90: =G90*F90 -> 67349
... B98: 2.20 | C98: 5952 | D98: =VLOOKUP(C98,'PRECIOS IDU1'!$B$2:$E$3190,2,0) -> BARANDA METÁLICA M81 (INSTALADO Y PINTADO) | E98: =VLOOKUP(C98,'PRECIOS IDU1'!$B$2:$E$3190,3,0) -> ML | F98: =VLOOKUP(C98,'PRECIOS IDU1'!$B$2:$E$3190,4,0) -> 315350 | G98: 1 | H98: =G98*F98 -> 315350
B99: CAPITULO 3: REDES HIDROSANITARIAS
B100: 3.1 | C100: 4848 | D100: =VLOOKUP(C100,'PRECIOS IDU1'!$B$2:$E$3190,2,0) -> DEMOLICION DE TUBERIAS DE ACUEDUCTO Y ALCANTARILLADO Ø < 36" (INCLUYE MARTILLO NEUMÁTICO DE 60 LB Y CARGUE). | E100: =VLOOKUP(C100,'PRECIOS IDU1'!$B$2:$E$3190,3,0) -> ML | F100: =VLOOKUP(C100,'PRECIOS IDU1'!$B$2:$E$3190,4,0) -> 10836 | G100: 1 | H100: =G100*F100 -> 10836
B101: 3.2 | C101: 7512 | D101: =VLOOKUP(C101,'PRECIOS IDU1'!$B$2:$E$3190,2,0) -> DEMOLICION DE POZO, DIAMETRO INTERIOR D=1.20M, DIAMETRO EXTERIOR D=1.70M, H=1.50M (INCLUYE CARGUE, RETIRO DE MATERIAL, TRANSPORTE Y DISPOSICIÓN FINAL DE ESCOMBROS EN SITIO AUTORIZADO). | E101: =VLOOKUP(C101,'PRECIOS IDU1'!$B$2:$E$3190,3,0) -> UN | F101: =VLOOKUP(C101,'PRECIOS IDU1'!$B$2:$E$3190,4,0) -> 619550 | G101: 1 | H101: =G101*F101 -> 619550
B102: 3.3 | C102: 3155 | D102: =VLOOKUP(C102,'PRECIOS IDU1'!$B$2:$E$3190,2,0) -> DEMOLICION SUMIDERO EXISTENTE (INCLUYE CARGUE) | E102: =VLOOKUP(C102,'PRECIOS IDU1'!$B$2:$E$3190,3,0) -> UN | F102: =VLOOKUP(C102,'PRECIOS IDU1'!$B$2:$E$3190,4,0) -> 189054 | G102: 1 | H102: =G102*F102 -> 189054
B103: 3.4 | C103: 3009 | D103: =VLOOKUP(C103,'PRECIOS IDU1'!$B$2:$E$3190,2,0) -> EXCAVACION MANUAL PARA REDES PROFUNDIDAD 0M - 2M (INCLUYE CARGUE) | E103: =VLOOKUP(C103,'PRECIOS IDU1'!$B$2:$E$3190,3,0) -> M3 | F103: =VLOOKUP(C103,'PRECIOS IDU1'!$B$2:$E$3190,4,0) -> 46379 | G103: 1 | H103: =G103*F103 -> 46379
B104: 3.5 | C104: 4262 | D104: =VLOOKUP(C104,'PRECIOS IDU1'!$B$2:$E$3190,2,0) -> EXCAVACION MECANICA PARA REDES PROFUNDIDAD 0M - 3.5M (INCLUYE CARGUE) | E104: =VLOOKUP(C104,'PRECIOS IDU1'!$B$2:$E$3190,3,0) -> M3 | F104: =VLOOKUP(C104,'PRECIOS IDU1'!$B$2:$E$3190,4,0) -> 5741 | G104: 1 | H104: =G104*F104 -> 5741
B105: 3.6 | C105: 4266 | D105: =VLOOKUP(C105,'PRECIOS IDU1'!$B$2:$E$3190,2,0) -> EXCAVACION MANUAL PARA REDES PROFUNDIDAD 2M - 3.50M (INCLUYE CARGUE) | E105: =VLOOKUP(C105,'PRECIOS IDU1'!$B$2:$E$3190,3,0) -> M3 | F105: =VLOOKUP(C105,'PRECIOS IDU1'!$B$2:$E$3190,4,0) -> 60189 | G105: 1 | H105: =G105*F105 -> 60189
B106: 3.7 | C106: 5890 | D106: =VLOOKUP(C106,'PRECIOS IDU1'!$B$2:$E$3190,2,0) -> ENTIBADO TIPO ED2, DISCONTINUO EN MADERA, CON PERFILES METALICOS Y PARALES TELESCOPICOS (INCLUYE SUMINISTRO E INSTALACION). | E106: =VLOOKUP(C106,'PRECIOS IDU1'!$B$2:$E$3190,3,0) -> M2 | F106: =VLOOKUP(C106,'PRECIOS IDU1'!$B$2:$E$3190,4,0) -> 35223 | G106: 1 | H106: =G106*F106 -> 35223
B107: 3.8 | C107: 6015 | D107: =VLOOKUP(C107,'PRECIOS IDU1'!$B$2:$E$3190,2,0) -> ENTIBADO TIPO EC3 CONTINUO METÁLICO CON PARALES METÁLICOS. INCLUYE SUMINISTRO E INSTALACIÓN | E107: =VLOOKUP(C107,'PRECIOS IDU1'!$B$2:$E$3190,3,0) -> M2 | F107: =VLOOKUP(C107,'PRECIOS IDU1'!$B$2:$E$3190,4,0) -> 54934 | G107: 1 | H107: =G107*F107 -> 54934
B108: 3.9 | C108: 3041 | D108: =VLOOKUP(C108,'PRECIOS IDU1'!$B$2:$E$3190,2,0) -> TUBERIA PVC U.M. EXT CORRUGADO/INT LISO U.M. NORMA NTC 3722-1 D=4" (INCLUYE SUMINISTRO E INSTALACIÓN) | E108: =VLOOKUP(C108,'PRECIOS IDU1'!$B$2:$E$3190,3,0) -> ML | F108: =VLOOKUP(C108,'PRECIOS IDU1'!$B$2:$E$3190,4,0) -> 37349 | G108: 1 | H108: =G108*F108 -> 37349
B109: 3.10 | C109: 3042 | D109: =VLOOKUP(C109,'PRECIOS IDU1'!$B$2:$E$3190,2,0) -> TUBERIA PVC U.M. EXT CORRUGADO/INT LISO U.M. NORMA NTC 3722-1 D=6" (INCLUYE SUMINISTRO E INSTALACIÓN) | E109: =VLOOKUP(C109,'PRECIOS IDU1'!$B$2:$E$3190,3,0) -> ML | F109: =VLOOKUP(C109,'PRECIOS IDU1'!$B$2:$E$3190,4,0) -> 63957 | G109: 1 | H109: =G109*F109 -> 63957
B110: 3.11 | C110: 3043 | D110: =VLOOKUP(C110,'PRECIOS IDU1'!$B$2:$E$3190,2,0) -> TUBERIA PVC U.M. EXT CORRUGADO/INT LISO U.M. NORMA NTC 3722-1 D=8" (INCLUYE SUMINISTRO E INSTALACIÓN) | E110: =VLOOKUP(C110,'PRECIOS IDU1'!$B$2:$E$3190,3,0) -> ML | F110: =VLOOKUP(C110,'PRECIOS IDU1'!$B$2:$E$3190,4,0) -> 88930 | G110: 1 | H110: =G110*F110 -> 88930
B111: 3.12 | C111: 3044 | D111: =VLOOKUP(C111,'PRECIOS IDU1'!$B$2:$E$3190,2,0) -> TUBERIA PVC U.M. EXT CORRUGADO/INT LISO U.M. NORMA NTC 3722-1 D=10" (INCLUYE SUMINISTRO E INSTALACIÓN) | E111: =VLOOKUP(C111,'PRECIOS IDU1'!$B$2:$E$3190,3,0) -> ML | F111: =VLOOKUP(C111,'PRECIOS IDU1'!$B$2:$E$3190,4,0) -> 125950 | G111: 1 | H111: =G111*F111 -> 125950
... B147: 3.48 | C147: 3202 | D147: =VLOOKUP(C147,'PRECIOS IDU1'!$B$2:$E$3190,2,0) -> CONCRETO 3000 PSI HECHO EN OBRA PARA REDES (SUMINISTRO Y COLOCACIÓN) | E147: =VLOOKUP(C147,'PRECIOS IDU1'!$B$2:$E$3190,3,0) -> M3 | F147: =VLOOKUP(C147,'PRECIOS IDU1'!$B$2:$E$3190,4,0) -> 695290 | G147: 1 | H147: =G147*F147 -> 695290
B148: CAPITULO 4: SEÑALIZACIÓN
B149: 4.1 | C149: 3433 | D149: =VLOOKUP(C149,'PRECIOS IDU1'!$B$2:$E$3190,2,0) -> TACHA REFLECTIVA UNIDIRECCIONAL (INCLUYE SUMINISTRO E INSTALACIÓN) | E149: =VLOOKUP(C149,'PRECIOS IDU1'!$B$2:$E$3190,3,0) -> UN | F149: =VLOOKUP(C149,'PRECIOS IDU1'!$B$2:$E$3190,4,0) -> 9046 | G149: 1 | H149: =G149*F149 -> 9046
B150: 4.2 | C150: 4240 | D150: =VLOOKUP(C150,'PRECIOS IDU1'!$B$2:$E$3190,2,0) -> DEMARCACION LINEA CONTINUA A=0.12M (E=2.3MM,TERMOPLÁSTICA. INC. SUMINISTRO Y APLICACIÓN CON EQUIPO. INCL. MICROESFERAS) | E150: =VLOOKUP(C150,'PRECIOS IDU1'!$B$2:$E$3190,3,0) -> ML | F150: =VLOOKUP(C150,'PRECIOS IDU1'!$B$2:$E$3190,4,0) -> 18177 | G150: 1 | H150: =G150*F150 -> 18177
B151: 4.3 | C151: 4241 | D151: =VLOOKUP(C151,'PRECIOS IDU1'!$B$2:$E$3190,2,0) -> DEMARCACION LINEA DISCONTINUA A=0.12M (E=2.3MM,TERMOPLÁSTICA. INC. SUMINISTRO Y APLICACIÓN CON EQUIPO. INCL. MICROESFERA | E151: =VLOOKUP(C151,'PRECIOS IDU1'!$B$2:$E$3190,3,0) -> ML | F151: =VLOOKUP(C151,'PRECIOS IDU1'!$B$2:$E$3190,4,0) -> 18177 | G151: 1 | H151: =G151*F151 -> 18177
B152: 4.4 | C152: 4244 | D152: =VLOOKUP(C152,'PRECIOS IDU1'!$B$2:$E$3190,2,0) -> FLECHA DIRECCIONAL "A LA DERECHA" (E=2.3MM,TERMOPLÁSTICA. INC. SUMINISTRO Y APLICACIÓN CON EQUIPO. INC MICROESFERAS). MARCA VIAL PARA VELOCIDADES MENORES O IGUALES A 60 KM/H AREA DE LA MARCA: 1.51M2 | E152: =VLOOKUP(C152,'PRECIOS IDU1'!$B$2:$E$3190,3,0) -> UN | F152: =VLOOKUP(C152,'PRECIOS IDU1'!$B$2:$E$3190,4,0) -> 228720 | G152: 1 | H152: =G152*F152 -> 228720
B153: 4.5 | C153: 4245 | D153: =VLOOKUP(C153,'PRECIOS IDU1'!$B$2:$E$3190,2,0) -> FLECHA DIRECCIONAL "DE FRENTE A LA DERECHA" (E=2.3MM,TERMOPLÁSTICA. INC. SUMIN. Y APLIC. CON EQUIPO. INC. MICROESFERAS). MARCA VIAL PARA VELOCIDADES MENORES O IGUALES A 60 KM/H AREA DE LA MARCA: 2.18M2 | E153: =VLOOKUP(C153,'PRECIOS IDU1'!$B$2:$E$3190,3,0) -> UN | F153: =VLOOKUP(C153,'PRECIOS IDU1'!$B$2:$E$3190,4,0) -> 330205 | G153: 1 | H153: =G153*F153 -> 330205
B154: 4.6 | C154: 4246 | D154: =VLOOKUP(C154,'PRECIOS IDU1'!$B$2:$E$3190,2,0) -> FLECHA DIRECCIONAL "DE FRENTE" (E=2.3MM,TERMOPLÁSTICA. INC. SUMINISTRO Y APLICACIÓN CON EQUIPO. INC MICROESFERAS). MARCA VIAL PARA VELOCIDADES MENORES O IGUALES A 60 KM/H AREA DE LA MARCA: 1.20 M2. | E154: =VLOOKUP(C154,'PRECIOS IDU1'!$B$2:$E$3190,3,0) -> UN | F154: =VLOOKUP(C154,'PRECIOS IDU1'!$B$2:$E$3190,4,0) -> 181765 | G154: 1 | H154: =G154*F154 -> 181765
B155: 4.7 | C155: 4248 | D155: =VLOOKUP(C155,'PRECIOS IDU1'!$B$2:$E$3190,2,0) -> DEMARCACION PASO PEATONAL-CEBRA (E=2.3MM,TERMOPLÁSTICA. INC. SUMINISTRO Y APLICACIÓN CON EQUIPO. INC MICROESFERAS) | E155: =VLOOKUP(C155,'PRECIOS IDU1'!$B$2:$E$3190,3,0) -> M2 | F155: =VLOOKUP(C155,'PRECIOS IDU1'!$B$2:$E$3190,4,0) -> 151470 | G155: 1 | H155: =G155*F155 -> 151470
B156: 4.8 | C156: 4569 | D156: =VLOOKUP(C156,'PRECIOS IDU1'!$B$2:$E$3190,2,0) -> ESTOPEROLES DE 10 CM X 2.5 CM. SUMINISTRO E INSTALACION. | E156: =VLOOKUP(C156,'PRECIOS IDU1'!$B$2:$E$3190,3,0) -> UN | F156: =VLOOKUP(C156,'PRECIOS IDU1'!$B$2:$E$3190,4,0) -> 10907 | G156: 1 | H156: =G156*F156 -> 10907
B157: 4.9 | C157: 4960 | D157: =VLOOKUP(C157,'PRECIOS IDU1'!$B$2:$E$3190,2,0) -> FLECHA DIRECCIONAL "DE FRENTE A LA IZQUIERDA" (E=2.3MM,TERMOPLÁSTICA. INC. SUMIN. Y APLIC. CON EQUIPO. INC. MICROESFERAS). | E157: =VLOOKUP(C157,'PRECIOS IDU1'!$B$2:$E$3190,3,0) -> UN | F157: =VLOOKUP(C157,'PRECIOS IDU1'!$B$2:$E$3190,4,0) -> 330205 | G157: 1 | H157: =G157*F157 -> 330205
B158: 4.10 | C158: 5189 | D158: =VLOOKUP(C158,'PRECIOS IDU1'!$B$2:$E$3190,2,0) -> HITO DE 75CM DE ALTURA Y 8 CM DE DIAMETRO CON REFLECTIVOS DE COLOR AMARILLO. SUMINISTRO E INSTALACION. | E158: =VLOOKUP(C158,'PRECIOS IDU1'!$B$2:$E$3190,3,0) -> UN | F158: =VLOOKUP(C158,'PRECIOS IDU1'!$B$2:$E$3190,4,0) -> 83912 | G158: 1 | H158: =G158*F158 -> 83912
B159: 4.11 | C159: 5220 | D159: =VLOOKUP(C159,'PRECIOS IDU1'!$B$2:$E$3190,2,0) -> PINTURA EN PLASTICO EN FRIO METILMETACRILATO DE A=12CM PARA LINEAS DE DEMARCACIÓN, CON MICROESFERAS Y ESPESOR SECO SEGÚN NORMA NTC 4744. SUMINISTRO Y APLICACIÓN. | E159: =VLOOKUP(C159,'PRECIOS IDU1'!$B$2:$E$3190,3,0) -> ML | F159: =VLOOKUP(C159,'PRECIOS IDU1'!$B$2:$E$3190,4,0) -> 18776 | G159: 1 | H159: =G159*F159 -> 18776
B160: 4.12 | C160: 5225 | D160: =VLOOKUP(C160,'PRECIOS IDU1'!$B$2:$E$3190,2,0) -> PINTURA DE TRÁFICO - IMPRIMANTE NEGRO A=15CM. SUMINISTRO Y APLICACIÓN. | E160: =VLOOKUP(C160,'PRECIOS IDU1'!$B$2:$E$3190,3,0) -> ML | F160: =VLOOKUP(C160,'PRECIOS IDU1'!$B$2:$E$3190,4,0) -> 4323 | G160: 1 | H160: =G160*F160 -> 4323
... B178: 4.30 | C178: 7964 | D178: =VLOOKUP(C178,'PRECIOS IDU1'!$B$2:$E$3190,2,0) -> SEÑAL VERTICAL PREVENTIVA SP-47B TIPO PENTÁGONO CON FLECHA. (INCLUYE SUMINISTRO E INSTALACION). | E178: =VLOOKUP(C178,'PRECIOS IDU1'!$B$2:$E$3190,3,0) -> UN | F178: =VLOOKUP(C178,'PRECIOS IDU1'!$B$2:$E$3190,4,0) -> 622272 | G178: 1 | H178: =G178*F178 -> 622272
B179: CAPITULO 5: DIAGNÓSTICOS DE REDES Y ENSAYOS DE SUELO PARA DIAGNÓSTICO DE PAVIMENTO
B180: 5.1 | C180: 10996 | D180: =VLOOKUP(C180,'PRECIOS IDU'!$B$2:$E$3190,2,0) -> APIQUE MANUAL HASTA 2 M DE 1.5 M X 1.5 M - RELLENO Y ADECUACIÓN DEL SITIO - INCLUYE TRANSPORTE | E180: =VLOOKUP(C180,'PRECIOS IDU'!$B$2:$E$3190,3,0) -> UN | F180: =VLOOKUP(C180,'PRECIOS IDU'!$B$2:$E$3190,4,0) -> 297500 | G180: 1 | H180: =G180*F180 -> 297500
B181: 5.2 | C181: 7488 | D181: =VLOOKUP(C181,'PRECIOS IDU1'!$B$2:$E$3190,2,0) -> VENTOSA DE DOBLE ACCIÓN DE Ø 2" DE BRIDA (A). (SUMINISTRO E INSTALACIÓN) | E181: =VLOOKUP(C181,'PRECIOS IDU1'!$B$2:$E$3190,3,0) -> UN | F181: =VLOOKUP(C181,'PRECIOS IDU1'!$B$2:$E$3190,4,0) -> 622415 | G181: 1 | H181: =G181*F181 -> 622415
B182: 5.3 | C182: 7496 | D182: =VLOOKUP(C182,'PRECIOS IDU'!$B$2:$E$3190,2,0) -> DETERMINACION DE LOS FACTORES DE CONTRACCION DE LOS SUELOS. Norma técnica: INVE-127-13 NTC-1503-01 ASTM D427-04 (retirado 2010). | E182: =VLOOKUP(C182,'PRECIOS IDU'!$B$2:$E$3190,3,0) -> UN | F182: =VLOOKUP(C182,'PRECIOS IDU'!$B$2:$E$3190,4,0) -> 83300 | G182: 1 | H182: =G182*F182 -> 83300
B183: 5.4 | C183: 7737 | D183: =VLOOKUP(C183,'PRECIOS IDU'!$B$2:$E$3190,2,0) -> ANALISIS GRANULOMETRICO DE LOS AGREGADOS GRUESO Y FINO. Norma técnica: INVE-213-13 NTC-77-18. | E183: =VLOOKUP(C183,'PRECIOS IDU'!$B$2:$E$3190,3,0) -> UN | F183: =VLOOKUP(C183,'PRECIOS IDU'!$B$2:$E$3190,4,0) -> 94010 | G183: 1 | H183: =G183*F183 -> 94010
B184: 5.5 | C184: 8012 | D184: =VLOOKUP(C184,'PRECIOS IDU1'!$B$2:$E$3190,2,0) -> REHABILITACIÓN RED DE ALCANTARILLADO CON TECNOLOGÍA CIPP, CON RESINA DE GRP CURADA CON RAYOS UV, INCLUYE EQUIPOS, MATERIALES, TRANSPORTES Y PERSONAL. DIÁMETRO 40”. ESPESOR 9.80 MM. EC = 16.875 MPA. (INCLUYE: FABRICACIÓN, IMPORTACIÓN, NACIONALIZACIÓN, LOGÍSTICA Y SUMINISTRO DE MATERIALES (LINER), PROCESO INSTALACIÓN, CURADO CON LUZ ULTRAVIOLETA, PERSONAL Y ACTIVIDADES COMPLEMENTARIAS PARA FINALIZAR LA REHABILITACIÓN, INSPECCIÓN FINAL CON EQUIPO CCTV. (ENTREGA DE VIDEO, INFORME POS REHABILITACIÓN E INFORME DE PROTOCOLO DEL PROCESO DE REHABILITACIÓN CON NORMA TÉCNICA EAB)). | E184: =VLOOKUP(C184,'PRECIOS IDU1'!$B$2:$E$3190,3,0) -> ML | F184: =VLOOKUP(C184,'PRECIOS IDU1'!$B$2:$E$3190,4,0) -> 9686600 | G184: 1 | H184: =G184*F184 -> 9686600
B185: 5.6 | C185: 10019 | D185: =VLOOKUP(C185,'PRECIOS IDU1'!$B$2:$E$3190,2,0) -> ESTABILIZACION O MEJORAMIENTO DE SUBRASANTE CON RAJON = 6" A 12" (15 - 30 cm) Y SELLO CON SUBBASE GRANULAR CLASE B - SBG50 (SBGB_SBG50). INCLUYE (SUMINISTRO, EXTENDIDO, NIVELACION Y COMPACTACIÓN MECANICA CON EXCAVADORA MEDIANA SOBRE ORUGAS Y RODILLO VIBROCOMPACTADOR TANDEM (2,5 - 3,0 TON), TRANSPORTE DEL RAJON Y SELLO HASTA 21 KM) | E185: =VLOOKUP(C185,'PRECIOS IDU1'!$B$2:$E$3190,3,0) -> M3 | F185: =VLOOKUP(C185,'PRECIOS IDU1'!$B$2:$E$3190,4,0) -> 184625 | G185: 1 | H185: =G185*F185 -> 184625
B186: 5.7 | C186: 10024 | D186: =VLOOKUP(C186,'PRECIOS IDU'!$B$2:$E$3190,2,0) -> DETERMINACION DEL POTENCIAL DE CAMBIO VOLUMETRICO DE UN SUELO EMPLEANDO EL APARATO DE LAMBE. Norma técnica: INVE-120-13 UNE-EN-103600-96 | E186: =VLOOKUP(C186,'PRECIOS IDU'!$B$2:$E$3190,3,0) -> UN | F186: =VLOOKUP(C186,'PRECIOS IDU'!$B$2:$E$3190,4,0) -> 243867 | G186: 1 | H186: =G186*F186 -> 243867
B187: 5.8 | C187: 7511 | D187: =VLOOKUP(C187,'PRECIOS IDU'!$B$2:$E$3190,2,0) -> CBR DE SUELOS COMPACTADOS EN EL LABORATORIO (METODO I). Norma técnica: INVE-148-13 NTC-2122-13 ASTM D1883-21. | E187: =VLOOKUP(C187,'PRECIOS IDU'!$B$2:$E$3190,3,0) -> UN | F187: =VLOOKUP(C187,'PRECIOS IDU'!$B$2:$E$3190,4,0) -> 311780 | G187: 1 | H187: =G187*F187 -> 311780
B188: 5.9 | C188: 8001 | D188: =VLOOKUP(C188,'PRECIOS IDU1'!$B$2:$E$3190,2,0) -> REHABILITACIÓN RED DE ALCANTARILLADO CON TECNOLOGÍA CIPP, CON RESINA DE GRP CURADA CON RAYOS UV, INCLUYE EQUIPOS, MATERIALES, TRANSPORTES Y PERSONAL. DIÁMETRO 8”. ESPESOR 3,00 MM. EC = 14.200 MPA. (INCLUYE: FABRICACIÓN, IMPORTACIÓN, NACIONALIZACIÓN, LOGÍSTICA Y SUMINISTRO DE MATERIALES (LINER), PROCESO INSTALACIÓN, CURADO CON LUZ ULTRAVIOLETA, PERSONAL Y ACTIVIDADES COMPLEMENTARIAS PARA FINALIZAR LA REHABILITACIÓN, INSPECCIÓN FINAL CON EQUIPO CCTV. (ENTREGA DE VIDEO, INFORME POS REHABILITACIÓN E INFORME DE PROTOCOLO DEL PROCESO DE REHABILITACIÓN CON NORMA TÉCNICA EAB)). | E188: =VLOOKUP(C188,'PRECIOS IDU1'!$B$2:$E$3190,3,0) -> ML | F188: =VLOOKUP(C188,'PRECIOS IDU1'!$B$2:$E$3190,4,0) -> 1725500 | G188: 1 | H188: =G188*F188 -> 1725500
B189: 5.10 | C189: 8000 | D189: =VLOOKUP(C189,'PRECIOS IDU1'!$B$2:$E$3190,2,0) -> PROTECCIÓN A ALCANTARILLAS CON POLISOMBRA 47%. (INCLUYE SUMINISTRO Y COLOCACIÓN DE POLISOMBRA 47%) | E189: =VLOOKUP(C189,'PRECIOS IDU1'!$B$2:$E$3190,3,0) -> UN/MES | F189: =VLOOKUP(C189,'PRECIOS IDU1'!$B$2:$E$3190,4,0) -> 5794 | G189: 1 | H189: =G189*F189 -> 5794
B190: 5.11 | C190: 8002 | D190: =VLOOKUP(C190,'PRECIOS IDU1'!$B$2:$E$3190,2,0) -> REHABILITACIÓN RED DE ALCANTARILLADO CON TECNOLOGÍA CIPP, CON RESINA DE GRP CURADA CON RAYOS UV, INCLUYE EQUIPOS, MATERIALES, TRANSPORTES Y PERSONAL. DIÁMETRO 10”. ESPESOR 3,00 MM. EC = 14.200 MPA. (INCLUYE: FABRICACIÓN, IMPORTACIÓN, NACIONALIZACIÓN, LOGÍSTICA Y SUMINISTRO DE MATERIALES (LINER), PROCESO INSTALACIÓN, CURADO CON LUZ ULTRAVIOLETA, PERSONAL Y ACTIVIDADES COMPLEMENTARIAS PARA FINALIZAR LA REHABILITACIÓN, INSPECCIÓN FINAL CON EQUIPO CCTV. (ENTREGA DE VIDEO, INFORME POS REHABILITACIÓN E INFORME DE PROTOCOLO DEL PROCESO DE REHABILITACIÓN CON NORMA TÉCNICA EAB)). | E190: =VLOOKUP(C190,'PRECIOS IDU1'!$B$2:$E$3190,3,0) -> ML | F190: =VLOOKUP(C190,'PRECIOS IDU1'!$B$2:$E$3190,4,0) -> 1892100 | G190: 1 | H190: =G190*F190 -> 1892100
B191: 5.12 | C191: 8003 | D191: =VLOOKUP(C191,'PRECIOS IDU1'!$B$2:$E$3190,2,0) -> REHABILITACIÓN RED DE ALCANTARILLADO CON TECNOLOGÍA CIPP, CON RESINA DE GRP CURADA CON RAYOS UV, INCLUYE EQUIPOS, MATERIALES, TRANSPORTES Y PERSONAL. DIÁMETRO 12”. ESPESOR 3,00 MM. EC = 14.200 MPA. (INCLUYE: FABRICACIÓN, IMPORTACIÓN, NACIONALIZACIÓN, LOGÍSTICA Y SUMINISTRO DE MATERIALES (LINER), PROCESO INSTALACIÓN, CURADO CON LUZ ULTRAVIOLETA, PERSONAL Y ACTIVIDADES COMPLEMENTARIAS PARA FINALIZAR LA REHABILITACIÓN, INSPECCIÓN FINAL CON EQUIPO CCTV. (ENTREGA DE VIDEO, INFORME POS REHABILITACIÓN E INFORME DE PROTOCOLO DEL PROCESO DE REHABILITACIÓN CON NORMA TÉCNICA EAB)). | E191: =VLOOKUP(C191,'PRECIOS IDU1'!$B$2:$E$3190,3,0) -> ML | F191: =VLOOKUP(C191,'PRECIOS IDU1'!$B$2:$E$3190,4,0) -> 2082500 | G191: 1 | H191: =G191*F191 -> 2082500
B192: 5.13 | C192: 7892 | D192: =VLOOKUP(C192,'PRECIOS IDU1'!$B$2:$E$3190,2,0) -> REPARADUCTO PVC D=4" - DUCTO TELEFÓNICO. SUMINISTRO E INSTALACIÓN | E192: =VLOOKUP(C192,'PRECIOS IDU1'!$B$2:$E$3190,3,0) -> ML | F192: =VLOOKUP(C192,'PRECIOS IDU1'!$B$2:$E$3190,4,0) -> 106479 | G192: 1 | H192: =G192*F192 -> 106479
B193: 5.14 | C193: 9434 | D193: =VLOOKUP(C193,'PRECIOS IDU'!$B$2:$E$3190,2,0) -> TRATAMIENTO Y DISPOSICIÓN FINAL DE LODOS NO PELIGROSOS PROVENIENTES DE ALCANTARILLADO | E193: =VLOOKUP(C193,'PRECIOS IDU'!$B$2:$E$3190,3,0) -> KG | F193: =VLOOKUP(C193,'PRECIOS IDU'!$B$2:$E$3190,4,0) -> 381 | G193: 1 | H193: =G193*F193 -> 381

Sheet AIU
B2: ANALISIS DEL VALOR DEL AIU FONDO DE DESARROLLO LOCAL DE CANDELARIA
B5: OBJETO | E5: CONTRATAR POR EL SISTEMA DE PRECIOS UNITARIOS FIJOS Y A MONTO AGOTABLE, EL DIAGNOSTICO, LAS OBRAS DE CONSERVACIÓN Y ACCIONES DE MOVILIDAD DE LA MALLA VIAL URBANA LOCAL E INTERMEDIA Y SU ESPACIO PUBLICO ASOCIADO, DE LA LOCALIDAD DE CANDELARIA EN BOGOTA D.C.
C9: COSTO DIRECTO ESTIMADO DE OBRA (CD) | G9: ='PRESUPUESTO OFICIAL'!M45 -> 1891241605
C10: AIU | G10: =O89 -> 0.33251068
G11: =G9*G10 -> 6.2885804e+08
C12: TERMINO ESTIMADO DE EJECUCIÓN DE OBRA | G12: 6
C14: COSTOS ESTIMADOS PARA COMPENSACIONES A SDA | G14: 0
C15: COSTOS ESTIMADOS PARA ENSAYOS DE LABORATORIO | G15: 0
C16: AJUSTES POR CAMBIO DE VIGENCIA | G16: 0
C17: COSTO ACTIVIDADES AMBIENTALES y SST | G17: ='PRESUPUESTO OFICIAL'!M51 -> 65972006
C18: COSTO GESTION SOCIAL | G18: ='PRESUPUESTO OFICIAL'!M59 -> 23874177
C20: COSTO TOTAL PRESUPUESTO MONTO AGOTABLE | G20: ='PRESUPUESTO OFICIAL'!M61 -> 2773434688
B24: ITEM | C24: A. ADMINISTRACIÓN
C25: 1. COSTOS MENSUALES DE PERSONAL
C26: CARGO | D26: CODIGO IDU | E26: CANTIDAD | F26: CATEGORÍA | G26: TOPE SALARIO MES | H26: F.P. | I26: No. MESES | O26: SALARIO + PRESTACIONES
E27: A | G27: C | H27: D | I27: 1 | J27: 2 | K27: 3 | L27: 4 | M27: 5 | N27: 6 | O27: F=A*B*C*D*E
B28: 1.1 | C28: PERSONAL PROFESIONAL (Ingenieros y otros)
B29: 1.101 | C29: DIRECTOR DE OBRA | D29: 9109 | E29: 1 | F29: 3 | G29: =VLOOKUP(D29,'PRECIOS IDU'!$B$2:$E$3650,4,0) -> 10640000 | H29: ='F.P.'!$E$29 -> 1.58 | I29: 0.5 | J29: 0.5 | K29: 0.5 | L29: 0.5 | M29: 0.5 | N29: 0.5 | O29: =ROUND(E29*SUM(I29:N29)*G29*H29,0) -> 50433600
B30: 1.102 | C30: INGENIERO RESIDENTE DE OBRA | D30: 9111 | E30: 1 | F30: 5 | G30: =VLOOKUP(D30,'PRECIOS IDU'!$B$2:$E$3650,4,0) -> 8172000 | H30: ='F.P.'!$E$29 -> 1.58 | I30: 1 | J30: 1 | K30: 1 | L30: 1 | M30: 1 | N30: 1 | O30: =ROUND(E30*SUM(I30:N30)*G30*H30,0) -> 77470560
B31: 1.103 | C31: ESPECIALISTA DE REDES HIDROSANITARIAS | D31: 9111 | E31: 1 | F31: 5 | G31: =VLOOKUP(D31,'PRECIOS IDU'!$B$2:$E$3650,4,0) -> 8172000 | H31: ='F.P.'!$E$29 -> 1.58 | I31: 0.3 | J31: 0.3 | K31: 0.3 | L31: 0.3 | M31: 0.3 | N31: 0.3 | O31: =ROUND(E31*SUM(I31:N31)*G31*H31,0) -> 23241168
B32: 1.104 | C32: ESPECIALISTA EN PRESUPUESTO Y PROGRAMACIÓN | D32: 9111 | E32: 1 | F32: 5 | G32: =VLOOKUP(D32,'PRECIOS IDU'!$B$2:$E$3650,4,0) -> 8172000 | H32: ='F.P.'!$E$29 -> 1.58 | I32: 0.3 | J32: 0.3 | K32: 0.3 | L32: 0.3 | M32: 0.3 | N32: 0.3 | O32: =ROUND(E32*SUM(I32:N32)*G32*H32,0) -> 23241168
B33: 1.105 | C33: ESPECIALISTA EN GEOTECNIA VIAL | D33: 9112 | E33: 1 | F33: 6 | G33: =VLOOKUP(D33,'PRECIOS IDU'!$B$2:$E$3650,4,0) -> 7287000 | H33: ='F.P.'!$E$29 -> 1.58 | I33: 0.4 | J33: 0.3 | K33: 0.2 | L33: 0.2 | M33: 0.2 | N33: 0.2 | O33: =ROUND(E33*SUM(I33:N33)*G33*H33,0) -> 17270190
B34: 1.106 | C34: ESPECIALISTA EN VIAS O PAVIMENTOS | D34: 9111 | E34: 1 | F34: 5 | G34: =VLOOKUP(D34,'PRECIOS IDU'!$B$2:$E$3650,4,0) -> 8172000 | H34: ='F.P.'!$E$29 -> 1.58 | I34: 0.4 | J34: 0.3 | K34: 0.3 | L34: 0.3 | M34: 0.3 | N34: 0.3 | O34: =ROUND(E34*SUM(I34:N34)*G34*H34,0) -> 24532344
B35: 1.107 | C35: ARQUEOLOGO | D35: 9111 | E35: 1 | F35: 5 | G35: =VLOOKUP(D35,'PRECIOS IDU'!$B$2:$E$3650,4,0) -> 8172000 | H35: ='F.P.'!$E$29 -> 1.58 | I35: 0.2 | J35: 0.2 | K35: 0.2 | L35: 0.2 | M35: 0.2 | N35: 0.2 | O35: =ROUND(E35*SUM(I35:N35)*G35*H35,0) -> 15494112
B36: 1.108
B37: 1.2 | C37: PERSONAL TÉCNICO Y PERSONAL AUXILIAR
B38: 1.201 | C38: TARIFA MES - PERSONAL TÉCNICO - AUXILIAR DE INGENIERÍA (No incluye Factor de Prestaciones) | D38: 9085 | E38: 2 | F38: N/A | G38: =VLOOKUP(D38,'PRECIOS IDU'!$B$2:$E$3650,4,0) -> 2997000 | H38: ='F.P.'!$E$29 -> 1.58 | I38: 0.5 | J38: 0.5 | K38: 0.5 | L38: 0.5 | M38: 0.5 | N38: 0.5 | O38: =ROUND(E38*SUM(I38:N38)*G38*H38,0) -> 28411560
B39: 1.202 | C39: TARIFA MES - PERSONAL TÉCNICO - INSPECTOR 1 (No incluye Factor de Prestaciones) | D39: 9093 | E39: 1 | F39: N/A | G39: =VLOOKUP(D39,'PRECIOS IDU'!$B$2:$E$3650,4,0) -> 2586000 | H39: ='F.P.'!$E$29 -> 1.58 | I39: 0.5 | J39: 0.5 | K39: 0.5 | L39: 0.5 | M39: 0.5 | N39: 0.5 | O39: =ROUND(E39*SUM(I39:N39)*G39*H39,0) -> 12257640
B40: 1.203 | C40: TARIFA MES - PERSONAL TÉCNICO - TOPÓGRAFO INSPECTOR (No incluye Factor de Prestaciones) | D40: 9088 | E40: 1 | F40: N/A | G40: =VLOOKUP(D40,'PRECIOS IDU'!$B$2:$E$3650,4,0) -> 3555000 | H40: ='F.P.'!$E$29 -> 1.58 | I40: 0.5 | J40: 0.5 | K40: 0.5 | L40: 0.5 | M40: 0.5 | N40: 0.5 | O40: =ROUND(E40*SUM(I40:N40)*G40*H40,0) -> 16850700
B41: 1.204 | C41: TARIFA MES - PERSONAL AUXILIAR TÉCNICO - CADENERO 2 (No incluye Factor de Prestaciones) | D41: 9099 | E41: 1 | F41: N/A | G41: =VLOOKUP(D41,'PRECIOS IDU'!$B$2:$E$3650,4,0) -> 1920000 | H41: ='F.P.'!$E$29 -> 1.58 | I41: 0.5 | J41: 0.5 | K41: 0.5 | L41: 0.5 | M41: 0.5 | N41: 0.5 | O41: =ROUND(E41*SUM(I41:N41)*G41*H41,0) -> 9100800
B42: 1.205 | C42: TARIFA MES - PERSONAL TÉCNICO - LABORATORISTA INSPECTOR (No incluye Factor de Prestaciones) | D42: 9089 | E42: 1 | F42: N/A | G42: =VLOOKUP(D42,'PRECIOS IDU'!$B$2:$E$3650,4,0) -> 3149000 | H42: ='F.P.'!$E$29 -> 1.58 | I42: 0.5 | J42: 0.5 | K42: 0.5 | L42: 0.5 | M42: 0.5 | N42: 0.5 | O42: =ROUND(E42*SUM(I42:N42)*G42*H42,0) -> 14926260
B43: 1.206 | C43: TARIFA MES - PERSONAL AUXILIAR TÉCNICO - CONDUCTOR O MOTORISTA (No incluye Factor de Prestaciones) | D43: 9100 | E43: 2 | F43: N/A | G43: =VLOOKUP(D43,'PRECIOS IDU'!$B$2:$E$3650,4,0) -> 1597000 | H43: ='F.P.'!$E$29 -> 1.58 | I43: 0.5 | J43: 0.5 | K43: 0.5 | L43: 0.5 | M43: 0.5 | N43: 0.5 | O43: =ROUND(E43*SUM(I43:N43)*G43*H43,0) -> 15139560
B44: 1.207
B45: 1.3 | C45: PERSONAL TÉCNICO Y PERSONAL AUXILIAR
B46: 1.301 | C46: TARIFA MES - PERSONAL ADMINISTRATIVO - AUXILIAR ADMINISTRATIVO-ALMACENISTA (No incluye Factor de Prestaciones) | D46: 9085 | E46: 1 | F46: N/A | G46: =VLOOKUP(D46,'PRECIOS IDU'!$B$2:$E$3650,4,0) -> 2997000 | H46: ='F.P.'!$E$29 -> 1.58 | I46: 0.5 | J46: 0.5 | K46: 0.5 | L46: 0.5 | M46: 0.5 | N46: 0.5 | O46: =ROUND(E46*SUM(I46:N46)*G46*H46,0) -> 14205780
B47: 1.302 | C47: TARIFA MES - PERSONAL ADMINISTRATIVO - SECRETARIA 2 (No incluye Factor de Prestaciones) | D47: 9104 | E47: 2 | F47: N/A | G47: =VLOOKUP(D47,'PRECIOS IDU'!$B$2:$E$3650,4,0) -> 1920000 | H47: ='F.P.'!$E$29 -> 1.58 | I47: 0.5 | J47: 0.5 | K47: 0.5 | L47: 0.5 | M47: 0.5 | N47: 0.5 | O47: =ROUND(E47*SUM(I47:N47)*G47*H47,0) -> 18201600
B48: 1.303
B49: SUBTOTAL GASTOS OPERACIONALES MENSUALES | O49: =SUM(O29:O36)+SUM(O38:O44)+SUM(O46:O48) -> 360777042
B51: 2 | C51: GASTOS OPERACIONALES MENSUALES | D51: CODIGO IDU | E51: CANTIDAD | F51: AREA (M2) | G51: PRECIO | I51: 1 | J51: 2 | K51: 3 | L51: 4 | M51: 5 | N51: 6 | O51: VALOR ($)
B52: 2.01 | C52: ALQUILER MES - ARRIENDO OFICINA INCL. ADMINISTRACIÓN, SERVICIOS PÚBLICOS, COMUNICACIONES | D52: 9576 | E52: 1 | F52: 50 | G52: =VLOOKUP(D52,'PRECIOS IDU'!$B$2:$E$3650,4,0) -> 51916 | I52: 0.2 | J52: 0.2 | K52: 0.2 | L52: 0.2 | M52: 0.2 | N52: 0.2 | O52: =E52*G52*SUM(I52:N52)*F52 -> 3114960
B53: 2.02 | C53: ALQUILER MES - CAMPAMENTOS INCL. SERVICIOS PÚBLICOS PROVISIONALES | D53: 9577 | E53: 1 | F53: 50 | G53: =VLOOKUP(D53,'PRECIOS IDU'!$B$2:$E$3650,4,0) -> 25982 | I53: 0.2 | J53: 0.2 | K53: 0.2 | L53: 0.2 | M53: 0.2 | N53: 0.2 | O53: =E53*G53*SUM(I53:N53)*F53 -> 1558920
B54: 2.03 | C54: GASTOS OFICINA (PAPELERIA, FOTOCOPIAS Y OTROS) | D54: 9578 | E54: 1 | G54: =VLOOKUP(D54,'PRECIOS IDU'!$B$2:$E$3650,4,0) -> 1199778 | I54: 0.3 | J54: 0.3 | K54: 0.3 | L54: 0.3 | M54: 0.3 | N54: 0.3 | O54: =E54*G54*SUM(I54:N54) -> 2159600.4
B55: 2.04 | C55: EQUIPO COMPLETO DE LABORATORIO - ESTUDIOS - MES | D55: 9117 | E55: 1 | G55: =VLOOKUP(D55,'PRECIOS IDU'!$B$2:$E$3650,4,0) -> 7357000 | I55: 0.1 | J55: 0.1 | K55: 0.1 | L55: 0.1 | M55: 0.1 | N55: 0.1 | O55: =E55*G55*SUM(I55:N55) -> 4414200
B56: 2.05 | C56: EQUIPO DE TOPOGRAFÍA. INCLUYE TRÁNSITO, NIVEL Y ELEMENTOS COMPLEMENTARIOS - MES | D56: 13418 | E56: 1 | G56: =VLOOKUP(D56,'PRECIOS IDU'!$B$2:$E$3650,4,0) -> 2142000 | I56: 0.15 | J56: 0.15 | K56: 0.15 | L56: 0.15 | M56: 0.15 | N56: 0.15 | O56: =E56*G56*SUM(I56:N56) -> 1927800
B57: 2.06 | C57: ALQUILER DE VEHICULO: CAMPERO, PICK-UP, CAMIONETA, CAMION O SIMILAR DE 1300cc A 2000cc DE CILINDRADA, MODELO 2022 A 2019. 100% DE LA TARIFA ESTABLECIDA. INCLUYE TODOS LOS COSTOS DE OPERACIÓN Y MANTENIMIENTO EXCEPTO EL SALARIO DEL CONDUCTOR | D57: 9165 | E57: 1 | F57: N/A | G57: =VLOOKUP(D57,'PRECIOS IDU'!$B$2:$E$3650,4,0) -> 8352000 | I57: 0.5 | J57: 0.5 | K57: 0.5 | L57: 0.5 | M57: 0.5 | N57: 0.5 | O57: =E57*G57*SUM(I57:N57) -> 25056000
C59: SUBTOTAL GASTOS OPERACIONALES MENSUALES | O59: =SUM(O52:O58) -> 38231480
C61: COSTOS MENSUALES DE PERSONAL + GASTOS OPERACIONALES MENSUALES | O61: =O59+O49 -> 3.9900852e+08
C62: COSTOS MENSUALES DE PERSONAL + GASTOS OPERACIONALES MENSUALES EN PORCENTAJE DEL COSTO DIRECTO | O62: =O61/G9 -> 0.21097702
B64: 3 | C64: IMPUESTOS Y GARANTIAS
B65: 3.1 | C65: IMPUESTOS
B66: ITEM | C66: DESCRIPCIÓN | I66: IMPUESTO | O66: VALOR ($)
B67: 3.101 | C67: Contribución Especial (Impuesto de Guerra Ley 1738 DIC18-2014 prorroga 4 años) | I67: 0.05 | O67: =ROUND((($G$9*ROUND((1+$P$89),4))+$G$14+$G$15+$G$16)*I67,0) -> 94562080
B68: 3.102 | C68: ICA (Ley 14 6jul1983, Res 219 25feb2004) | F68: Mes | G68: 1 | H68: =#REF!*G68 -> #REF! | I68: 0.00712 | O68: =ROUND((($G$9*ROUND((1+$P$89),4))+$G$14+$G$15+$G$16)*I68,0) -> 13465640
B69: 3.103 | C69: Estampilla Unipedagógica (Dec 584 de 19 dic 2014) | I69: 0.005 | O69: =ROUND((($G$9*ROUND((1+$P$89),4))+$G$14+$G$15+$G$16)*I69,0) -> 9456208
B70: 3.104 | C70: Impuesto de Timbre | I70: 0.005 | O70: =ROUND((($G$9*ROUND((1+$P$89),4))+$G$14+$G$15+$G$16)*I70,0) -> 9456208
C71: SUBTOTAL IMPUESTOS | O71: =SUM(O67:O70) -> 126940136
B73: 3.2 | C73: GARANTÍAS
B74: ITEM | C74: DESCRIPCIÓN | F74: VALOR BASE | G74: % ASEGURADO | H74: VIGENCIA AMPARO (MESES) | K74: TASA ASEGURADORA | O74: VALOR ($)
B75: 3.201 | C75: CUMPLIMIENTO | E75: GARANTÍA UNICA | F75: =G9 -> 1891241605 | G75: 0.2 | H75: =G12+6 -> 12 | K75: 0.002 | O75: =ROUND((((((F75*G75)*K75)/12)*H75)+2500)*1.19,0) -> 903206
B76: 3.202 | C76: SALARIOS Y PRESTACIONES SOCIALES | F76: =G9 -> 1891241605 | G76: 0.1 | H76: =G12+36 -> 42 | K76: 0.002 | O76: =ROUND((((((F76*G76)*K76)/12)*H76)+2500)*1.19,0) -> 1578379
B77: 3.203 | C77: ESTABILIDAD DE LA OBRA | F77: =G9 -> 1891241605 | G77: 0.2 | H77: 64.5 | K77: 0.002 | O77: =ROUND((((((F77*G77)*K77)/12)*H77)+2500)*1.19,0) -> 4841717
B78: 3.204 | C78: Predios, labores y Operaciones- Vigencia (Decreto 1082 de 2015 Sección III) | E78: RESPONSABILIDAD CIVIL EXTRACONTRACTUAL | F78: 572000000 | G78: 1 | H78: =G12 -> 6 | K78: 0.003 | O78: =ROUND((((((F78*G78)*K78)/12)*H78)+2500)*1.19,0) -> 1023995
C80: SUBTOTAL GARANTÍAS | O80: =SUM(O75:O78) -> 8347297
C82: TOTAL IMPUESTOS Y GARANTÍAS | O82: =+O71+O80 -> 135287433
C83: TOTAL IMPUESTOS Y GARANTÍAS EN PORCENTAJE DEL COSTO DIRECTO | O83: =O82/G9 -> 0.071533659
B85: A | E85: ADMINISTRACIÓN | O85: =+O62+O83 -> 0.28251068
B86: I | E86: IMPREVISTOS | O86: 0.01
B87: U | E87: UTILIDAD | O87: 0.04
C89: A.I.U (ADMINISTRACIÓN, IMPREVISTOS Y UTILIDAD) | O89: =SUM(O85:O87) -> 0.33251068

Sheet AMBIENTAL -SST
B2: SISTEMA DE GESTIÓN AMBIENTAL, SEGURIDAD Y SALUD EN EL TRABAJO FONDO DE DESARROLLO LOCAL DE CANDELARIA
B5: OBJETO | H5: CONTRATAR POR EL SISTEMA DE PRECIOS UNITARIOS FIJOS Y A MONTO AGOTABLE, EL DIAGNOSTICO, LAS OBRAS DE CONSERVACIÓN Y ACCIONES DE MOVILIDAD DE LA MALLA VIAL URBANA LOCAL E INTERMEDIA Y SU ESPACIO PUBLICO ASOCIADO, DE LA LOCALIDAD DE CANDELARIA EN BOGOTA D.C.
C9: COSTO DIRECTO ESTIMADO DE OBRA (CD) | K9: ='PRESUPUESTO OFICIAL'!M45 -> 1891241605
C10: AIU | K10: =AIU!O89 -> 0.33251068
K11: =K9*K10 -> 6.2885804e+08
C12: TERMINO ESTIMADO DE EJECUCIÓN DE OBRA | K12: 6
C14: COSTOS ESTIMADOS PARA COMPENSACIONES A SDA | K14: 0
C15: COSTOS ESTIMADOS PARA ENSAYOS DE LABORATORIO | K15: 0
C16: AJUSTES POR CAMBIO DE VIGENCIA | K16: 0
C17: COSTO ACTIVIDADES AMBIENTALES y SST | K17: ='PRESUPUESTO OFICIAL'!M51 -> 65972006
C18: COSTO GESTION SOCIAL | K18: ='PRESUPUESTO OFICIAL'!M59 -> 23874177
C20: COSTO TOTAL PRESUPUESTO MONTO AGOTABLE | K20: ='PRESUPUESTO OFICIAL'!M61 -> 2773434688
B24: COMPONTE A. PERSONAL
B25: EJECUCIÓN DE OBRAS
B26: ÍTEMS | F26: CODIGO | G26: UN. | H26: CAT | I26: CANT | J26: DEDIC H/MES | K26: DURACION | L26: TARIFA | M26: F.P | N26: TOTAL ACTIVIDAD
B27: 1 | C27: PROFESIONAL AMBIENTAL | F27: 9112 | G27: MES | H27: 6 | I27: 1 | J27: 0.3 | K27: =K12 -> 6 | L27: =VLOOKUP(F27,'PRECIOS IDU'!$B$2:$E$3650,4,0) -> 7287000 | M27: ='F.P.'!E29 -> 1.58 | N27: =ROUND(K27*L27*M27*J27,0) -> 20724228
B28: 2 | C28: PROFESIONAL SST | F28: 9112 | G28: MES | H28: 6 | I28: 1 | J28: 0.3 | K28: =K12 -> 6 | L28: =VLOOKUP(F28,'PRECIOS IDU'!$B$2:$E$3650,4,0) -> 7287000 | M28: ='F.P.'!E29 -> 1.58 | N28: =ROUND(K28*L28*M28*J28,0) -> 20724228
B29: 3 | C29: PERSONAL TECNICO Y PERSONAL AUXILIAR | F29: 9094 | G29: MES | I29: 1 | J29: 0.35 | K29: 6 | L29: =VLOOKUP(F29,'PRECIOS IDU'!$B$2:$E$3650,4,0) -> 2328000 | M29: =M28 -> 1.58 | N29: =ROUND(K29*L29*M29*J29,0) -> 7724304
B30: SUBTOTAL COMPONENTE A | M30: =SUM(N27:N29) -> 49172760
B32: COMPONTE B. MANEJO DE LA VEGETACION Y DEL PAISAJE
B33: ÍTEMS | E33: ESPECIFICACIÓN | H33: UN | I33: CANTIDAD | J33: CODIGO | K33: VALOR UNITARIO | M33: VALOR TOTAL
B34: C1 | C34: MANEJO DE LA VEGETACION EXISTENTE Y DE ACTIVIDADES DE DISEÑO PAISAJISTICO
B35: 1.1 | C35: PROTECCION DE ARBOLES | E35: =VLOOKUP(J35,'PRECIOS IDU'!$B$2:$D$3650,2,FALSE) -> TELA VERDE DE CERRAMIENTO (2.10mx250) | H35: M2 | I35: 150 | J35: 7559 | K35: =VLOOKUP(J35,'PRECIOS IDU'!$B$2:$E$3650,4,0) -> 2672 | M35: =ROUND(I35*K35,0) -> 400800
B36: 1.2 | C36: SOPORTE MALLA | E36: =VLOOKUP(J36,'PRECIOS IDU'!$B$2:$D$3650,2,FALSE) -> VARA DE CORREDOR 6.0 M | H36: UN | I36: 30 | J36: 7285 | K36: =VLOOKUP(J36,'PRECIOS IDU'!$B$2:$E$3650,4,0) -> 16800 | M36: =ROUND(I36*K36,0) -> 504000
G37: SUBTOTAL DEL COMPONENTE C | M37: =SUM(M35:N36) -> 904800
B39: COMPONTE C. ACTIVIDADES CONSTRUCTIVAS
B40: ÍTEMS | E40: ESPECIFICACIÓN | H40: UN | I40: CANTIDAD | J40: CODIGO | K40: VALOR UNITARIO | M40: VALOR TOTAL
B41: D 1 | C41: MANEJO DE CAMPAMENTOS Y CENTROS DE ACOPIO
B42: 1.1 | C42: CANECAS PARA CAMPAMENTOS Y FRENTES DE OBRA | E42: =VLOOKUP(J42,'PRECIOS IDU'!$B$2:$D$3650,2,FALSE) -> CANECA PLÁSTICA NEGRA DE 55 GALONES CON TAPA PLANA. | H42: UN | I42: 1 | J42: 9290 | K42: =VLOOKUP(J42,'PRECIOS IDU'!$B$2:$E$3650,4,0) -> 137784 | M42: =ROUND(I42*K42,0) -> 137784
G43: SUBTOTAL DEL PROGRAMA | M43: =SUM(M42:M42) -> 137784
B45: D 2 | C45: MANEJO DE MATERIALES DE CONSTRUCCIÓN
B46: 2.1 | C46: PUNTO DE ACOPIO DE MATERIALES | E46: =VLOOKUP(J46,'PRECIOS IDU'!$B$2:$D$3650,2,FALSE) -> PLASTICO NEGRO CALIBRE 6 | H46: M2 | I46: 10 | J46: 7556 | K46: =VLOOKUP(J46,'PRECIOS IDU'!$B$2:$E$3650,4,0) -> 1671 | M46: =ROUND(I46*K46,0) -> 16710
E47: =VLOOKUP(J47,'PRECIOS IDU'!$B$2:$D$3650,2,FALSE) -> SEÑALIZACION TUBULAR COLOMBINA PLASTICA | H47: UN | I47: 1 | J47: 7554 | K47: =VLOOKUP(J47,'PRECIOS IDU'!$B$2:$E$3650,4,0) -> 44982 | M47: =ROUND(I47*K47,0) -> 44982
E48: =VLOOKUP(J48,'PRECIOS IDU'!$B$2:$D$3650,2,FALSE) -> CINTA PARA SEÑALIZACION DE 500MT X 4" PELIGRO CALIBRE 3.5 | H48: ROLLO | I48: 2 | J48: 7850 | K48: =VLOOKUP(J48,'PRECIOS IDU'!$B$2:$E$3650,4,0) -> 25149 | M48: =ROUND(I48*K48,0) -> 50298
G49: SUBTOTAL DEL PROGRAMA | M49: =SUM(M46:N48) -> 111990
B51: D 3 | C51: MANEJO INTEGRAL DE RESIDUOS SÓLIDOS
B52: 3.1 | C52: ACOPIO TEMPORAL DE RCD EN FRENTES DE OBRA | E52: =VLOOKUP(J52,'PRECIOS IDU'!$B$2:$D$3650,2,FALSE) -> PLASTICO NEGRO CALIBRE 6 | H52: M2 | I52: 100 | J52: 7556 | K52: =VLOOKUP(J52,'PRECIOS IDU'!$B$2:$E$3650,4,0) -> 1671 | M52: =ROUND(I52*K52,0) -> 167100
E53: =VLOOKUP(J53,'PRECIOS IDU'!$B$2:$D$3650,2,FALSE) -> PALA REDONDA No. 2 CON CABO | H53: UN | I53: 10 | J53: 9287 | K53: =VLOOKUP(J53,'PRECIOS IDU'!$B$2:$E$3650,4,0) -> 21317 | M53: =ROUND(I53*K53,0) -> 213170
E54: =VLOOKUP(J54,'PRECIOS IDU'!$B$2:$D$3650,2,FALSE) -> CEPILLO INDUSTRIAL DE NYLON CON CABO DE 35CM A 42CM X 9CM X 17CM | H54: UN | I54: 10 | J54: 7811 | K54: =VLOOKUP(J54,'PRECIOS IDU'!$B$2:$E$3650,4,0) -> 15938 | M54: =ROUND(I54*K54,0) -> 159380
E55: =VLOOKUP(J55,'PRECIOS IDU'!$B$2:$D$3650,2,FALSE) -> BOLSA PARA BASURA TIPO INDUSTRIAL NEGRA DE 60 x 90 Cm CALIBRE 2 (PAQUETE DE 30 UNIDADES) | H55: UN | I55: 10 | J55: 9280 | K55: =VLOOKUP(J55,'PRECIOS IDU'!$B$2:$E$3650,4,0) -> 13029 | M55: =ROUND(I55*K55,0) -> 130290
G56: SUBTOTAL DEL PROGRAMA | M56: =SUM(M52:N55) -> 669940
B58: D 4 | C58: CONTROL DE EMISIONES ATMOSFERICAS
B59: 4.1 | C59: DEMARCACIÓN DEL ÁREA DE TRABAJO | E59: =VLOOKUP(J59,'PRECIOS IDU'!$B$2:$D$3650,2,FALSE) -> SEÑALIZACION TUBULAR COLOMBINA PLASTICA | H59: UN | I59: 1 | J59: 7554 | K59: =VLOOKUP(J59,'PRECIOS IDU'!$B$2:$E$3650,4,0) -> 44982 | M59: =ROUND(I59*K59,0) -> 44982
E60: =VLOOKUP(J60,'PRECIOS IDU'!$B$2:$D$3650,2,FALSE) -> POLISOMBRA 65% (1x7m) R-800 NEGRA | H60: M2 | I60: 50 | J60: 7560 | K60: =VLOOKUP(J60,'PRECIOS IDU'!$B$2:$E$3650,4,0) -> 3140 | M60: =ROUND(I60*K60,0) -> 157000
G61: SUBTOTAL DEL PROGRAMA | M61: =SUM(M59:N60) -> 201982
B63: D 1 | C63: MANEJO INTEGRAL DE CUERPOS DE AGUA
B64: 5.1 | C64: BAÑO | E64: BAÑO TIPO LUXURY - ALQUILER, MANTENIMIENTO Y ASEO DE BAÑOS PORTÁTILES VIP, MENSUAL | H64: UN/MES | I64: 1 | J64: 7558 | K64: =VLOOKUP(J64,'PRECIOS IDU'!$B$2:$E$3650,4,0) -> 622965 | M64: =K64*I64*K12 -> 3737790
G65: SUBTOTAL DEL PROGRAMA | M65: =SUM(M64:M64) -> 3737790
B67: SUBTOTAL DEL COMPONENTE C | M67: =M65+M61+M49+M56+M43 -> 4859486
B69: COMPONENTE D. GESTIÓN EN SEGURIDAD Y SALUD EN EL TRABAJO
B70: ÍTEMS | H70: CANTIDAD | I70: UN. | J70: CODIGO | K70: VALOR UNITARIO | M70: VALOR TOTAL
B71: E1 | C71: SEGURIDAD Y SALUD EN EL TRABAJO
B72: 1.01 | C72: =VLOOKUP(J72,'PRECIOS IDU'!$B$2:$D$3650,2,FALSE) -> BOTIQUIN PRIMEROS AUXILIOS CON MEDICAMENTOS DE 22CM X 27CM | H72: 1 | I72: UN | J72: 7569 | K72: =VLOOKUP(J72,'PRECIOS IDU'!$B$2:$E$3650,4,0) -> 58501 | M72: =K72*H72 -> 58501
B73: =B72+0.01 -> 1.02 | C73: =VLOOKUP(J73,'PRECIOS IDU'!$B$2:$D$3650,2,FALSE) -> CAMILLA MADERA PRIMEROS AUXILIOS INMOVILIZADOR CABEZA | H73: 1 | I73: UN | J73: 7818 | K73: =VLOOKUP(J73,'PRECIOS IDU'!$B$2:$E$3650,4,0) -> 207247 | M73: =K73*H73 -> 207247
B74: =B73+0.01 -> 1.03 | C74: =VLOOKUP(J74,'PRECIOS IDU'!$B$2:$D$3650,2,FALSE) -> EXTINTOR POLVO QUIMICO SECO DE 20LB TIPO ABC METALICO CON GANCHO Y AVISO | H74: 1 | I74: UN | J74: 7819 | K74: =VLOOKUP(J74,'PRECIOS IDU'!$B$2:$E$3650,4,0) -> 92920 | M74: =K74*H74 -> 92920
B75: =B74+0.01 -> 1.04 | C75: =VLOOKUP(J75,'PRECIOS IDU'!$B$2:$D$3650,2,FALSE) -> BOTA CUERO LISA NEGRA SEGURIDAD PUNTERA DE ACERO | H75: 5 | I75: PAR | J75: 7822 | K75: =VLOOKUP(J75,'PRECIOS IDU'!$B$2:$E$3650,4,0) -> 70000 | M75: =K75*H75 -> 350000
B76: =B75+0.01 -> 1.05 | C76: =VLOOKUP(J76,'PRECIOS IDU'!$B$2:$D$3650,2,FALSE) -> BOTA DE CAUCHO, CINTA AMARILLA, PUNTERA Y PLANTILLA EN ACERO | H76: 5 | I76: PAR | J76: 7823 | K76: =VLOOKUP(J76,'PRECIOS IDU'!$B$2:$E$3650,4,0) -> 130000 | M76: =K76*H76 -> 650000
B77: 2.01 | C77: =VLOOKUP(J77,'PRECIOS IDU'!$B$2:$D$3650,2,FALSE) -> PROTECTOR AUDITIVO TIPO TAPON INSERCION EN SILICONA CON CORDEL EN ESTUCHE | H77: 9 | I77: PAR | J77: 7827 | K77: =VLOOKUP(J77,'PRECIOS IDU'!$B$2:$E$3650,4,0) -> 2618 | M77: =K77*H77 -> 23562
B78: =B77+0.01 -> 2.02 | C78: =VLOOKUP(J78,'PRECIOS IDU'!$B$2:$D$3650,2,FALSE) -> ARNES MULTIPROPOSITO CON ESLINGA - 4 ANILLOS - PARA RESTRICCION Y DETENCION DE CAIDAS CON PUNTO FIJO | H78: 2 | I78: UN | J78: 7836 | K78: =VLOOKUP(J78,'PRECIOS IDU'!$B$2:$E$3650,4,0) -> 165410 | M78: =K78*H78 -> 330820
B79: =B78+0.01 -> 2.03 | C79: =VLOOKUP(J79,'PRECIOS IDU'!$B$2:$D$3650,2,FALSE) -> OVEROL EN DRILL DOS PIEZAS, CAMISA Y PANTALÓN | H79: 10 | I79: UN | J79: 9286 | K79: =VLOOKUP(J79,'PRECIOS IDU'!$B$2:$E$3650,4,0) -> 71019 | M79: =K79*H79 -> 710190
B80: =B79+0.01 -> 2.04 | C80: =VLOOKUP(J80,'PRECIOS IDU'!$B$2:$D$3650,2,FALSE) -> GUANTE CARNAZA REFORZADO EN CARNAZA LARGO | H80: 5 | I80: PAR | J80: 7846 | K80: =VLOOKUP(J80,'PRECIOS IDU'!$B$2:$E$3650,4,0) -> 10591 | M80: =K80*H80 -> 52955
B81: =B80+0.01 -> 2.05 | C81: =VLOOKUP(J81,'PRECIOS IDU'!$B$2:$D$3650,2,FALSE) -> GUANTES DE VAQUETA | H81: 5 | I81: UN | J81: 7578 | K81: =VLOOKUP(J81,'PRECIOS IDU'!$B$2:$E$3650,4,0) -> 9401 | M81: =K81*H81 -> 47005
B82: =B81+0.01 -> 2.06 | C82: =VLOOKUP(J82,'PRECIOS IDU'!$B$2:$D$3650,2,FALSE) -> GUANTE CAUCHO NEGRO CORRUGADO CALIBRE 35 | H82: 5 | I82: PAR | J82: 9283 | K82: =VLOOKUP(J82,'PRECIOS IDU'!$B$2:$E$3650,4,0) -> 6500 | M82: =K82*H82 -> 32500
B83: =B82+0.01 -> 2.07 | C83: =VLOOKUP(J83,'PRECIOS IDU'!$B$2:$D$3650,2,FALSE) -> GUANTE NITRILO 13" RESISTENTE CONTRA QUIMICOS COMBUSTIBLES SOLVENTES GRASAS | H83: 5 | I83: PAR | J83: 7844 | K83: =VLOOKUP(J83,'PRECIOS IDU'!$B$2:$E$3650,4,0) -> 10591 | M83: =K83*H83 -> 52955
C84: EXÁMENES OCUPACIONALES
B85: =B83+0.01 -> 2.08 | C85: =VLOOKUP(J85,'PRECIOS IDU'!$B$2:$D$3650,2,FALSE) -> EXÁMEN MÉDICO OCUPACIONAL DE INGRESO O RETIRO | H85: 12 | I85: UN | J85: 7904 | K85: =VLOOKUP(J85,'PRECIOS IDU'!$B$2:$E$3650,4,0) -> 30000 | M85: =K85*H85 -> 360000
B86: =B85+0.01 -> 2.09 | C86: =VLOOKUP(J86,'PRECIOS IDU'!$B$2:$D$3650,2,FALSE) -> EXAMEN DE AUDIOMETRÍA DE INGRESO O EGRESO | H86: 12 | I86: UN | J86: 7906 | K86: =VLOOKUP(J86,'PRECIOS IDU'!$B$2:$E$3650,4,0) -> 25000 | M86: =K86*H86 -> 300000
B87: =B86+0.01 -> 2.1 | C87: =VLOOKUP(J87,'PRECIOS IDU'!$B$2:$D$3650,2,FALSE) -> EXAMEN DE OPTOMETRÍA DE INGRESO O EGRESO | H87: 12 | I87: UN | J87: 7908 | K87: =VLOOKUP(J87,'PRECIOS IDU'!$B$2:$E$3650,4,0) -> 25600 | M87: =K87*H87 -> 307200
G88: SUBTOTAL COMPONENTE D | M88: =SUM(M72:N87) -> 3575855
B90: Nota: Los costos de elementos de protección y de exámenes médicos ocupacionales para los cargos relacionados con las actividades de estructuras metálicas (Montadores, Soldadores y Pintores) están incluidos en el costo de kilogramo de acero de estructura,
B92: COMPONENTE F. PLAN DE SEÑALIZACIÓN
B93: ÍTEMS | E93: ESPECIFICACIÓN | H93: UNIDAD | I93: CANTIDAD | J93: CODIGO | K93: VALOR UNITARIO | M93: VALOR TOTAL
B94: F1 | C94: MANEJO SEÑALIZACIÓN FRENTE DE OBRA
B95: 1.1 | C95: SEÑALIZACIÓN INTERNA DE EXCAVACIONES, POZOS, VACÍOS | E95: =VLOOKUP(J95,'PRECIOS IDU'!$B$2:$D$3650,2,FALSE) -> SEÑALIZACION TUBULAR COLOMBINA PLASTICA | H95: UN | I95: 1 | J95: 7554 | K95: =VLOOKUP(J95,'PRECIOS IDU'!$B$2:$E$3650,4,0) -> 44982 | M95: =ROUND(I95*K95,0) -> 44982
E96: =VLOOKUP(J96,'PRECIOS IDU'!$B$2:$D$3650,2,FALSE) -> CINTA PARA SEÑALIZACION DE 500MT X 4" PELIGRO CALIBRE 3.5 | H96: UN | I96: 1 | J96: 7850 | K96: =VLOOKUP(J96,'PRECIOS IDU'!$B$2:$E$3650,4,0) -> 25149 | M96: =ROUND(I96*K96,0) -> 25149
B97: 1.2 | C97: SEÑALES DE CAMPAMENTO Y FRENTES DE OBRA | E97: =VLOOKUP(J97,'PRECIOS IDU'!$B$2:$D$3650,2,FALSE) -> SEÑAL EN POLIESTIRENO (30cm x 20cm) FOTOLUMINISCENTE - NORMA NTC - ISO | H97: UN | I97: 1 | J97: 9985 | K97: =VLOOKUP(J97,'PRECIOS IDU'!$B$2:$E$3650,4,0) -> 68425 | M97: =ROUND(I97*K97,0) -> 68425
E98: =VLOOKUP(J98,'PRECIOS IDU'!$B$2:$D$3650,2,FALSE) -> SEÑAL EN POLIESTRIENO (30cm x 45cm) REFLECTIVO GRADO INGENIERÍA - NORMA ISO | H98: UN | I98: 1 | J98: 9986 | K98: =VLOOKUP(J98,'PRECIOS IDU'!$B$2:$E$3650,4,0) -> 90797 | M98: =ROUND(I98*K98,0) -> 90797
B99: SUBTOTAL COMPONENTE F | M99: =SUM(M95:N98) -> 229353
B101: SUBTOTAL COMPONENTES A+C+D+E+F | M101: =M99+M88+M67+M37+M30 -> 58742254
B102: A.I.U. | L102: ='AIU AMBIENTAL -SST'!L36 -> 0.12307583 | M102: =ROUND(L102*M101,0) -> 7229752
B103: VALOR GLOBAL AMBIENTAL CON AIU : TOTAL COMPONENTES A+C+D+E+F | M103: =M102+M101 -> 65972006

Sheet AIU AMBIENTAL -SST
B2: MATRIZ PARA CÁLCULO DE AIU- AMBIENTAL FONDO DE DESARROLLO LOCAL DE CANDELARIA
B5: OBJETO | G5: CONTRATAR POR EL SISTEMA DE PRECIOS UNITARIOS FIJOS Y A MONTO AGOTABLE, EL DIAGNOSTICO, LAS OBRAS DE CONSERVACIÓN Y ACCIONES DE MOVILIDAD DE LA MALLA VIAL URBANA LOCAL E INTERMEDIA Y SU ESPACIO PUBLICO ASOCIADO, DE LA LOCALIDAD DE CANDELARIA EN BOGOTA D.C.
B9: SUBTOTAL COMPONENTES A+C+D+E | E9: ='AMBIENTAL -SST'!M101 -> 58742254 | I9: FECHA:
B10: TERMINO ESTIMADO DE EJECUCIÓN DE OBRA | E10: 6 | F10: MESES | I10: CONTRATO No.
B12: 3. IMPUESTOS Y GARANTÍAS
B13: 3.1 | C13: IMPUESTOS
B14: ÍTEM | C14: DESCRIPCIÓN | J14: IMPUESTO | L14: VALOR ($)
B15: =B13+0.001 -> 3.101 | C15: Contribución Especial (Impuesto de Guerra Ley 1738 DIC18-2014 prorroga 4 años) | J15: 0.05 | L15: =ROUND($E$9*J15,0) -> 2937113
B16: =B15+0.001 -> 3.102 | C16: ICA (Ley 14 6jul1983, Res 219 25feb2004) | J16: 0.00712 | L16: =ROUND($E$9*J16,0) -> 418245
B17: =B16+0.001 -> 3.103 | C17: GMF (Ley 1739 23dic2014 modifica el Estatuto Tributario) | J17: 0.004 | L17: =ROUND($E$9*J17,0) -> 234969
B18: =B17+0.001 -> 3.104 | C18: Estampilla Unipedagógica (Dec 584 de 19 dic 2014) | J18: 0.005 | L18: =ROUND($E$9*J18,0) -> 293711
C19: SUBTOTAL IMPUESTOS | L19: =SUM(L15:L18) -> 3884038
B21: =B13+0.1 -> 3.2 | C21: GARANTIAS
B22: ÍTEM | C22: DESCRIPCIÓN | E22: VR. BASE | G22: % ASEGURADO | I22: VIGENCIA AMPARO (MESES) | J22: TASA ASEGURADORA | L22: VALOR ($)
B23: =B21+0.001 -> 3.201 | C23: Cumplimiento | D23: GARANTIA UNICA | E23: =$E$9 -> 58742254 | G23: 0.3 | I23: 10.5 | J23: 0.002 | L23: =ROUND((((((E23*G23)*J23)/12)*I23)+2500)*1.19,0) -> 39674
B24: =B23+0.001 -> 3.202 | C24: Salarios y Prestaciones Sociales | E24: =$E$9 -> 58742254 | G24: 0.1 | I24: 40.5 | J24: 0.002 | L24: =ROUND((((((E24*G24)*J24)/12)*I24)+2500)*1.19,0) -> 50160
B25: =B24+0.001 -> 3.203 | C25: Estabilidad de la Obra | E25: =$E$9 -> 58742254 | G25: 0.3 | I25: 64.5 | J25: 0.002 | L25: =ROUND((((((E25*G25)*J25)/12)*I25)+2500)*1.19,0) -> 228413
B26: =B25+0.001 -> 3.204 | C26: Predios, labores y Operaciones- Vigencia (Decreto 1082 de 2015 Sección III) | D26: RESPONSABILIDAD CIVIL EXTRACONTRACTUAL | E26: =+E9 -> 58742254 | G26: 1 | I26: 5 | J26: 0.003 | L26: =ROUND((((((E26*G26)*J26)/12)*I26)+2500)*1.19,0) -> 90354
B27: SUBTOTAL GARANTÍAS | L27: =ROUND(SUM(L23:L26),0) -> 408601
B29: TOTAL IMPUESTOS Y GARANTÍAS | L29: =ROUND(L19+L27,0) -> 4292639
B30: TOTAL IMPUESTOS Y GARANTÍAS EN PORCENTAJE DEL COSTO DIRECTO | L30: =+L29/E9 -> 0.073075831
B32: A. ADMINISTRACIÓN (1 + 2 + 3) | L32: =L30 -> 0.073075831
B33: I. IMPREVISTOS | L33: 0.01
B34: U. UTILIDAD | L34: 0.04
B36: A.I.U. (ADMINISTRACIÓN, IMPREVISTOS Y UTILIDAD) | L36: =SUM(L32:L34) -> 0.12307583

Sheet SOCIAL
B2: SISTEMA DE GESTIÓN AMBIENTAL, SEGURIDAD Y SALUD EN EL TRABAJO FONDO DE DESARROLLO LOCAL DE CANDELARIA
B5: OBJETO | H5: CONTRATAR POR EL SISTEMA DE PRECIOS UNITARIOS FIJOS Y A MONTO AGOTABLE, EL DIAGNOSTICO, LAS OBRAS DE CONSERVACIÓN Y ACCIONES DE MOVILIDAD DE LA MALLA VIAL URBANA LOCAL E INTERMEDIA Y SU ESPACIO PUBLICO ASOCIADO, DE LA LOCALIDAD DE CANDELARIA EN BOGOTA D.C.
C9: COSTO DIRECTO ESTIMADO DE OBRA (CD) | K9: ='PRESUPUESTO OFICIAL'!M45 -> 1891241605
C10: AIU | K10: =AIU!O89 -> 0.33251068
K11: =K9*K10 -> 6.2885804e+08
C12: TERMINO ESTIMADO DE EJECUCIÓN DE OBRA | K12: 5
C14: COSTOS ESTIMADOS PARA COMPENSACIONES A SDA | K14: 0
C15: COSTOS ESTIMADOS PARA ENSAYOS DE LABORATORIO | K15: 0
C16: AJUSTES POR CAMBIO DE VIGENCIA | K16: 0
C17: COSTO ACTIVIDADES AMBIENTALES y SST | K17: ='PRESUPUESTO OFICIAL'!M51 -> 65972006
C18: COSTO GESTION SOCIAL | K18: ='PRESUPUESTO OFICIAL'!M59 -> 23874177
C20: COSTO TOTAL PRESUPUESTO MONTO AGOTABLE | K20: ='PRESUPUESTO OFICIAL'!M61 -> 2773434688
B24: COMPONTE A. Personal Profesional de Gestión Social
B25: EJECUCIÓN DE OBRAS
B26: ÍTEMS | F26: CODIGO | G26: UN. | H26: CAT | I26: CANT | J26: DEDIC H/MES | K26: DURACION | L26: TARIFA | M26: F.P | N26: TOTAL ACTIVIDAD
B27: 1 | C27: PROFESIONAL SOCIAL | F27: 9113 | G27: MES | H27: 7 | I27: 1 | J27: 0.45 | K27: =K12 -> 5 | L27: =VLOOKUP(F27,'PRECIOS IDU'!$B$2:$E$3650,4,0) -> 5510000 | M27: ='F.P.'!E29 -> 1.58 | N27: =ROUND(K27*L27*M27*J27,0) -> 19588050
B28: SUBTOTAL COMPONENTE A | M28: =SUM(N27:N27) -> 19588050
B30: COMPONTE B. PLAN DE GESTION SOCIAL
B31: ÍTEMS | E31: ESPECIFICACIÓN | H31: UN | I31: CANTIDAD | J31: CODIGO | K31: VALOR UNITARIO | M31: VALOR TOTAL
B32: B.1 | C32: Programa de Información
B33: B.1.1 | C33: =VLOOKUP(J33,'PRECIOS IDU'!$B$2:$D$3650,2,FALSE) -> VÍDEO BEAM - ALQUILER POR DIA | H33: DIA | I33: 2 | J33: 7870 | K33: =VLOOKUP(J33,'PRECIOS IDU'!$B$2:$E$3650,4,0) -> 99855 | M33: =ROUND(I33*K33,0) -> 199710
B34: SubTotal programa de información | M34: =M33 -> 199710
B36: B.2 | C36: Programa de Divulgación al ciudadano
B37: B.2.1 | C37: =VLOOKUP(J37,'PRECIOS IDU'!$B$2:$D$3650,2,FALSE) -> AFICHE TAMAÑO MEDIO PLIEGO A 4X0 TINTAS EN PROPALCOTE DE 115 GR. | H37: UN | I37: 20 | J37: 7897 | K37: =VLOOKUP(J37,'PRECIOS IDU'!$B$2:$E$3650,4,0) -> 1322 | M37: =ROUND(I37*K37,0) -> 26440
B38: B.2.2 | C38: =VLOOKUP(J38,'PRECIOS IDU'!$B$2:$D$3650,2,FALSE) -> PLEGABLES DE SOSTENIBILIDAD EN TRES CUERPOS TAMAÑO CARTA A 4X4 TINTAS EN PROPALCOTE. | H38: UN | I38: 20 | J38: 7898 | K38: =VLOOKUP(J38,'PRECIOS IDU'!$B$2:$E$3650,4,0) -> 500 | M38: =ROUND(I38*K38,0) -> 10000
B39: B.2.3 | C39: =VLOOKUP(J39,'PRECIOS IDU'!$B$2:$D$3650,2,FALSE) -> IMPRESIÓN HOJA CARTA, A 1X0 TINTAS EN PAPEL BOND DE 75 GR. | H39: UN | I39: 50 | J39: 7896 | K39: =VLOOKUP(J39,'PRECIOS IDU'!$B$2:$E$3650,4,0) -> 120 | M39: =ROUND(I39*K39,0) -> 6000
B40: SubTotal programa de divulgación al ciudadano | M40: =SUM(M37:N39) -> 42440
B42: SUBTOTAL DEL COMPONENTE B | M42: =M40+M34 -> 242150
B44: COMPONTE C. ADECUACION DEL PUNTO DE ATENCION AL CIUDADANO
B45: ÍTEMS | E45: ESPECIFICACIÓN | H45: UN | I45: CANTIDAD | J45: CODIGO | K45: VALOR UNITARIO | M45: VALOR TOTAL
B46: C.1 | C46: MANEJO INTEGRAL DE RESIDUOS SÓLIDOS
B47: C.1.1 | C47: =VLOOKUP(J47,'PRECIOS IDU'!$B$2:$D$3650,2,FALSE) -> CARTELERA CON MARCO EN ALUMINIO ANODIZADO, PAÑO COLOR GRIS CON CENEFA SUPERIOR, PUERTAS CORREDIZAS. Incl. transporte | H47: UN | I47: 1 | J47: 9048 | K47: =VLOOKUP(J47,'PRECIOS IDU'!$B$2:$E$3650,4,0) -> 549702 | M47: =ROUND(I47*K47,0) -> 549702
B48: C.1.2 | C48: =VLOOKUP(J48,'PRECIOS IDU'!$B$2:$D$3650,2,FALSE) -> AVISO PUNTO CREA 1.50m x 0.90m EN LÁMINA GALVANIZADA CAL. 24. INCLUYE SUMINISTRO E INSTALACIÓN | H48: UN | I48: 1 | J48: 7992 | K48: =VLOOKUP(J48,'PRECIOS IDU'!$B$2:$E$3650,4,0) -> 799680 | M48: =ROUND(I48*K48,0) -> 799680
B49: C.1.3 | C49: =VLOOKUP(J49,'PRECIOS IDU'!$B$2:$D$3650,2,FALSE) -> TARIFA MES - SERVICIO TELEFONIA LOCAL ILIMITADA E INTERNET ILIMITADO VELOCIDAD PROMEDIO (80-500 MB) ESTRATO 3 | H49: UN | I49: 1 | J49: 9835 | K49: =VLOOKUP(J49,'PRECIOS IDU'!$B$2:$E$3650,4,0) -> 74320 | M49: =ROUND(I49*K49,0) -> 74320
B50: SUBTOTAL DEL COMPONENTE C | M50: =SUM(M47:N49) -> 1423702
B52: SUBTOTAL COMPONENTES A+C+D+E+F | M52: =M50+M42+M28 -> 21253902
B53: A.I.U. | L53: ='AIU SOCIAL'!L36 -> 0.12328443 | M53: =ROUND(L53*M52,0) -> 2620275
B54: VALOR GLOBAL AMBIENTAL CON AIU : TOTAL COMPONENTES A+C+D+E+F | M54: =M53+M52 -> 23874177

Sheet AIU SOCIAL
B2: MATRIZ PARA CÁLCULO DE AIU- AMBIENTAL FONDO DE DESARROLLO LOCAL DE CANDELARIA
B5: OBJETO | G5: CONTRATAR POR EL SISTEMA DE PRECIOS UNITARIOS FIJOS Y A MONTO AGOTABLE, EL DIAGNOSTICO, LAS OBRAS DE CONSERVACIÓN Y ACCIONES DE MOVILIDAD DE LA MALLA VIAL URBANA LOCAL E INTERMEDIA Y SU ESPACIO PUBLICO ASOCIADO, DE LA LOCALIDAD DE CANDELARIA EN BOGOTA D.C.
B9: SUBTOTAL COMPONENTES A+B+C | E9: =SOCIAL!M52 -> 21253902 | I9: FECHA:
B10: TERMINO ESTIMADO DE EJECUCIÓN DE OBRA | E10: 6 | F10: MESES | I10: CONTRATO No.
B12: 3. IMPUESTOS Y GARANTÍAS
B13: 3.1 | C13: IMPUESTOS
B14: ÍTEM | C14: DESCRIPCIÓN | J14: IMPUESTO | L14: VALOR ($)
B15: =B13+0.001 -> 3.101 | C15: Contribución Especial (Impuesto de Guerra Ley 1738 DIC18-2014 prorroga 4 años) | J15: 0.05 | L15: =ROUND($E$9*J15,0) -> 1062695
B16: =B15+0.001 -> 3.102 | C16: ICA (Ley 14 6jul1983, Res 219 25feb2004) | J16: 0.00712 | L16: =ROUND($E$9*J16,0) -> 151328
B17: =B16+0.001 -> 3.103 | C17: GMF (Ley 1739 23dic2014 modifica el Estatuto Tributario) | J17: 0.004 | L17: =ROUND($E$9*J17,0) -> 85016
B18: =B17+0.001 -> 3.104 | C18: Estampilla Unipedagógica (Dec 584 de 19 dic 2014) | J18: 0.005 | L18: =ROUND($E$9*J18,0) -> 106270
C19: SUBTOTAL IMPUESTOS | L19: =SUM(L15:L18) -> 1405309
B21: =B13+0.1 -> 3.2 | C21: GARANTIAS
B22: ÍTEM | C22: DESCRIPCIÓN | E22: VR. BASE | G22: % ASEGURADO | I22: VIGENCIA AMPARO (MESES) | J22: TASA ASEGURADORA | L22: VALOR ($)
B23: =B21+0.001 -> 3.201 | C23: Cumplimiento | D23: GARANTIA UNICA | E23: =$E$9 -> 21253902 | G23: 0.3 | I23: 10.5 | J23: 0.002 | L23: =ROUND((((((E23*G23)*J23)/12)*I23)+2500)*1.19,0) -> 16253
B24: =B23+0.001 -> 3.202 | C24: Salarios y Prestaciones Sociales | E24: =$E$9 -> 21253902 | G24: 0.1 | I24: 40.5 | J24: 0.002 | L24: =ROUND((((((E24*G24)*J24)/12)*I24)+2500)*1.19,0) -> 20047
B25: =B24+0.001 -> 3.203 | C25: Estabilidad de la Obra | E25: =$E$9 -> 21253902 | G25: 0.3 | I25: 64.5 | J25: 0.002 | L25: =ROUND((((((E25*G25)*J25)/12)*I25)+2500)*1.19,0) -> 84542
B26: =B25+0.001 -> 3.204 | C26: Predios, labores y Operaciones- Vigencia (Decreto 1082 de 2015 Sección III) | D26: RESPONSABILIDAD CIVIL EXTRACONTRACTUAL | E26: =+E9 -> 21253902 | G26: 1 | I26: 4.5 | J26: 0.003 | L26: =ROUND((((((E26*G26)*J26)/12)*I26)+2500)*1.19,0) -> 31429
C27: SUBTOTAL GARANTÍAS | L27: =ROUND(SUM(L23:L26),0) -> 152271
B29: TOTAL IMPUESTOS Y GARANTÍAS | L29: =ROUND(L19+L27,0) -> 1557580
B30: TOTAL IMPUESTOS Y GARANTÍAS EN PORCENTAJE DEL COSTO DIRECTO | L30: =+L29/E9 -> 0.073284426
B32: A. ADMINISTRACIÓN (1 + 2 + 3) | L32: =L30 -> 0.073284426
B33: I. IMPREVISTOS | L33: 0.01
B34: U. UTILIDAD | L34: 0.04
B36: A.I.U. (ADMINISTRACIÓN, IMPREVISTOS Y UTILIDAD) | L36: =SUM(L32:L34) -> 0.12328443

Sheet PMT
B2: PLAN DE MANEJO DE TRANSITO FONDO DE DESARROLLO LOCAL DE CANDELARIA
B5: OBJETO | H5: CONTRATAR POR EL SISTEMA DE PRECIOS UNITARIOS FIJOS Y A MONTO AGOTABLE, EL DIAGNOSTICO, LAS OBRAS DE CONSERVACIÓN Y ACCIONES DE MOVILIDAD DE LA MALLA VIAL URBANA LOCAL E INTERMEDIA Y SU ESPACIO PUBLICO ASOCIADO, DE LA LOCALIDAD DE CANDELARIA EN BOGOTA D.C.
C9: COSTO DIRECTO ESTIMADO DE OBRA (CD) | K9: ='PRESUPUESTO OFICIAL'!M45 -> 1891241605
C10: AIU | K10: =AIU!O89 -> 0.33251068
K11: =K9*K10 -> 6.2885804e+08
C12: TERMINO ESTIMADO DE EJECUCIÓN DE OBRA | K12: 6
C14: COSTOS ESTIMADOS PARA COMPENSACIONES A SDA | K14: 0
C15: COSTOS ESTIMADOS PARA ENSAYOS DE LABORATORIO | K15: 0
C16: AJUSTES POR CAMBIO DE VIGENCIA | K16: 0
C17: COSTO ACTIVIDADES AMBIENTALES y SST | K17: ='PRESUPUESTO OFICIAL'!M51 -> 65972006
C18: COSTO GESTION SOCIAL | K18: ='PRESUPUESTO OFICIAL'!M59 -> 23874177
C20: COSTO TOTAL PRESUPUESTO MONTO AGOTABLE | K20: ='PRESUPUESTO OFICIAL'!M61 -> 2773434688
B24: COMPONTE A. PERSONAL
B25: EJECUCIÓN DE OBRAS
B26: ÍTEMS | F26: CODIGO | G26: UN. | H26: CAT | I26: CANT | J26: DEDIC H/MES | K26: DURACION | L26: TARIFA | M26: F.P | N26: TOTAL ACTIVIDAD
B27: 1 | C27: PERSONAL
C28: PERSONAL PROFESIONAL
C29: ESPECIALISTA TRANSITO Y TRANSPORTE | F29: 9114 | G29: MES | H29: 8 | I29: 1 | J29: 0.16 | K29: 6 | L29: =VLOOKUP(F29,'PRECIOS IDU'!$B$2:$E$3650,4,0) -> 5200000 | M29: ='F.P.'!$E$29 -> 1.58 | N29: =ROUND(K29*L29*M29*J29,0) -> 7887360
C30: RESIDENTE DE TRANSITO | F30: 9114 | G30: MES | H30: 8 | I30: 1 | J30: 0.3 | K30: 6 | L30: =VLOOKUP(F30,'PRECIOS IDU'!$B$2:$E$3650,4,0) -> 5200000 | M30: ='F.P.'!$E$29 -> 1.58 | N30: =ROUND(K30*L30*M30*J30,0) -> 14788800
C31: AFORADOR
C32: TARIFA MES - PERSONAL DE OBRA - AYUDANTE (No incluye Factor de Prestaciones) | F32: 9114 | G32: MES | H32: 8 | I32: 1 | J32: 0.2 | K32: 6 | L32: =VLOOKUP(F32,'PRECIOS IDU'!$B$2:$E$3650,4,0) -> 5200000 | M32: ='F.P.'!$E$29 -> 1.58 | N32: =ROUND(K32*L32*M32*J32,0) -> 9859200
C33: PALETERO
C34: TARIFA MES - PERSONAL DE OBRA - AYUDANTE (No incluye Factor de Prestaciones) | F34: 9114 | G34: MES | H34: 8 | I34: 1 | J34: 0.2 | K34: 6 | L34: =VLOOKUP(F34,'PRECIOS IDU'!$B$2:$E$3650,4,0) -> 5200000 | M34: ='F.P.'!$E$29 -> 1.58 | N34: =ROUND(K34*L34*M34*J34,0) -> 9859200
B35: SUBTOTAL COMPONENTE A | M35: =SUM(N25:N34) -> 42394560
B36: 2 | C36: OTROS
C37: ALQUILER DE PORTATIL. CARACTERÍSTICAS: Procesador intel, Core i3 4005U, celeron o similar, Memoria RAM de 4 GB ( 2 x 2048 MB)Disco duro de 500gb a 7200 rpmPantalla LED HP BrightView widescreen de alta definición con 35,6 cm (14") o similar, HD INTEL GRAPH | F37: 9724 | G37: 6 | I37: MES | K37: =VLOOKUP(F37,'PRECIOS IDU'!$B$2:$E$3650,4,0) -> 123571 | M37: =K37*G37 -> 741426
C38: SEÑALIZACION TEMPORAL
C39: SEÑALIZACION TUBULAR COLOMBINA PLASTICA | F39: 7554 | G39: 62 | I39: UN | K39: =VLOOKUP(F39,'PRECIOS IDU'!$B$2:$E$3650,4,0) -> 44982 | M39: =K39*G39 -> 2788884
C40: BARRERA RELLENABLE (2.00x0.55x1.00m) CON CINTA RET | F40: 7360 | G40: 16 | I40: UN | K40: =VLOOKUP(F40,'PRECIOS IDU'!$B$2:$E$3650,4,0) -> 456960 | M40: =K40*G40 -> 7311360
C41: CINTA DE SEÑALIZACION CAL 4 (ROLLO 500mx0.10m) | F41: 7555 | G41: 51 | I41: UN | K41: =VLOOKUP(F41,'PRECIOS IDU'!$B$2:$E$3650,4,0) -> 40698 | M41: =K41*G41 -> 2075598
C42: SEÑAL DE TRANSITO GRUPO I (60x60cm) POSTE 3.5m | F42: 6552 | G42: 16 | I42: UN | K42: =VLOOKUP(F42,'PRECIOS IDU'!$B$2:$E$3650,4,0) -> 386892 | M42: =K42*G42 -> 6190272
C43: SEÑAL DE TRANSITO GRUPO I (60x60cm) POSTE 3.5m | F43: 6552 | G43: 16 | I43: UN | K43: =VLOOKUP(F43,'PRECIOS IDU'!$B$2:$E$3650,4,0) -> 386892 | M43: =K43*G43 -> 6190272
C44: SEÑAL DE TRANSITO GRUPO I (60x60cm) POSTE 3.5m | F44: 6552 | G44: 16 | I44: UN | K44: =VLOOKUP(F44,'PRECIOS IDU'!$B$2:$E$3650,4,0) -> 386892 | M44: =K44*G44 -> 6190272
C45: PALETA PARE-SIGA REGLAMENTADA | F45: 9169 | G45: 12 | I45: UN | K45: =VLOOKUP(F45,'PRECIOS IDU'!$B$2:$E$3650,4,0) -> 31428 | M45: =K45*G45 -> 377136
C46: BARRICADA METALICA TIPO IDU CON CERRADO REFLECTIVO NARANJA Y BLANCO GRADO INGENIERIA, MEDIDAS: 2.40m x 1.50m - 3 BANDEJAS DE 20cm x 2.40m. TABLERO DE DESVIO DE 60cm | F46: 9209 | G46: 4 | I46: UN | K46: =VLOOKUP(F46,'PRECIOS IDU'!$B$2:$E$3650,4,0) -> 407306 | M46: =K46*G46 -> 1629224
C47: SEÑAL LUMINOSA BIDIRECCIONAL 1.50m x 0.50m | F47: 9441 | G47: 1 | I47: UN | K47: =VLOOKUP(F47,'PRECIOS IDU'!$B$2:$E$3650,4,0) -> 1356600 | M47: =K47*G47 -> 1356600
C48: POLISOMBRA 65% (1x7m) R-800 NEGRA | F48: 7560 | G48: 500 | I48: UN | K48: =VLOOKUP(F48,'PRECIOS IDU'!$B$2:$E$3650,4,0) -> 3140 | M48: =K48*G48 -> 1570000
B49: SUBTOTAL COMPONENTE A | M49: =SUM(M39:N48)+M37 -> 36421044
B51: SUBTOTAL COMPONENTES A+C+D+E+F | M51: =M49+M35 -> 78815604
B52: A.I.U. | L52: ='AIU AMBIENTAL -SST'!L36 -> 0.12307583 | M52: =ROUND(L52*M51,0) -> 9700296
B53: VALOR GLOBAL AMBIENTAL CON AIU : TOTAL COMPONENTES A+C+D+E+F | M53: =M52+M51 -> 88515900

Sheet AIU PMT
B2: MATRIZ PARA CÁLCULO DE AIU- AMBIENTAL FONDO DE DESARROLLO LOCAL DE CANDELARIA
B5: OBJETO | G5: CONTRATAR POR EL SISTEMA DE PRECIOS UNITARIOS FIJOS Y A MONTO AGOTABLE, EL DIAGNOSTICO, LAS OBRAS DE CONSERVACIÓN Y ACCIONES DE MOVILIDAD DE LA MALLA VIAL URBANA LOCAL E INTERMEDIA Y SU ESPACIO PUBLICO ASOCIADO, DE LA LOCALIDAD DE CANDELARIA EN BOGOTA D.C.
B9: SUBTOTAL COMPONENTES A+B+C | E9: =PMT!M51 -> 78815604 | I9: FECHA:
B10: TERMINO ESTIMADO DE EJECUCIÓN DE OBRA | E10: 6 | F10: MESES | I10: CONTRATO No.
B12: 3. IMPUESTOS Y GARANTÍAS
B13: 3.1 | C13: IMPUESTOS
B14: ÍTEM | C14: DESCRIPCIÓN | J14: IMPUESTO | L14: VALOR ($)
B15: =B13+0.001 -> 3.101 | C15: Contribución Especial (Impuesto de Guerra Ley 1738 DIC18-2014 prorroga 4 años) | J15: 0.05 | L15: =ROUND($E$9*J15,0) -> 3940780
B16: =B15+0.001 -> 3.102 | C16: ICA (Ley 14 6jul1983, Res 219 25feb2004) | J16: 0.00712 | L16: =ROUND($E$9*J16,0) -> 561167
B17: =B16+0.001 -> 3.103 | C17: GMF (Ley 1739 23dic2014 modifica el Estatuto Tributario) | J17: 0.004 | L17: =ROUND($E$9*J17,0) -> 315262
B18: =B17+0.001 -> 3.104 | C18: Estampilla Unipedagógica (Dec 584 de 19 dic 2014) | J18: 0.005 | L18: =ROUND($E$9*J18,0) -> 394078
C19: SUBTOTAL IMPUESTOS | L19: =SUM(L15:L18) -> 5211287
B21: =B13+0.1 -> 3.2 | C21: GARANTIAS
B22: ÍTEM | C22: DESCRIPCIÓN | E22: VR. BASE | G22: % ASEGURADO | I22: VIGENCIA AMPARO (MESES) | J22: TASA ASEGURADORA | L22: VALOR ($)
B23: =B21+0.001 -> 3.201 | C23: Cumplimiento | D23: GARANTIA UNICA | E23: =$E$9 -> 78815604 | G23: 0.3 | I23: 10.5 | J23: 0.002 | L23: =ROUND((((((E23*G23)*J23)/12)*I23)+2500)*1.19,0) -> 52215
B24: =B23+0.001 -> 3.202 | C24: Salarios y Prestaciones Sociales | E24: =$E$9 -> 78815604 | G24: 0.1 | I24: 40.5 | J24: 0.002 | L24: =ROUND((((((E24*G24)*J24)/12)*I24)+2500)*1.19,0) -> 66284
B25: =B24+0.001 -> 3.203 | C25: Estabilidad de la Obra | E25: =$E$9 -> 78815604 | G25: 0.3 | I25: 64.5 | J25: 0.002 | L25: =ROUND((((((E25*G25)*J25)/12)*I25)+2500)*1.19,0) -> 305450
B26: =B25+0.001 -> 3.204 | C26: Predios, labores y Operaciones- Vigencia (Decreto 1082 de 2015 Sección III) | D26: RESPONSABILIDAD CIVIL EXTRACONTRACTUAL | E26: =+E9 -> 78815604 | G26: 1 | I26: 4.5 | J26: 0.003 | L26: =ROUND((((((E26*G26)*J26)/12)*I26)+2500)*1.19,0) -> 108489
C27: SUBTOTAL GARANTÍAS | L27: =ROUND(SUM(L23:L26),0) -> 532438
B29: TOTAL IMPUESTOS Y GARANTÍAS | L29: =ROUND(L19+L27,0) -> 5743725
B30: TOTAL IMPUESTOS Y GARANTÍAS EN PORCENTAJE DEL COSTO DIRECTO | L30: =+L29/E9 -> 0.07287548
B32: A. ADMINISTRACIÓN (1 + 2 + 3) | L32: =L30 -> 0.07287548
B33: I. IMPREVISTOS | L33: 0.01
B34: U. UTILIDAD | L34: 0.04
B36: A.I.U. (ADMINISTRACIÓN, IMPREVISTOS Y UTILIDAD) | L36: =SUM(L32:L34) -> 0.12287548

Sheet F.P.
B2: CONTRATAR POR EL SISTEMA DE PRECIOS UNITARIOS FIJOS Y A MONTO AGOTABLE, EL DIAGNOSTICO, LAS OBRAS DE CONSERVACIÓN Y ACCIONES DE MOVILIDAD DE LA MALLA VIAL URBANA LOCAL E INTERMEDIA Y SU ESPACIO PUBLICO ASOCIADO, DE LA LOCALIDAD DE CANDELARIA EN BOGOTA D.C.
B4: CÁLCULO DEL FACTOR MULTIPLICADOR PERSONAL
B6: ITEM | C6: DESCRIPCIÓN | D6: % | E6: % ACUMULADO
B7: 1 | C7: PRESTACIONES SOCIALES | E7: =SUM(D7:D13) -> 1.2183333
C8: Salarios | D8: 1
C9: Cesantías | D9: =1/12 -> 0.083333333
C10: Intereses de Cesantías | D10: 0.01
C11: Prima de servicio | D11: =1/12 -> 0.083333333
C12: Vacaciones | D12: =0.5/12 -> 0.041666667
B14: 2 | C14: SEGURIDAD SOCIAL | E14: =SUM(D14:D18) -> 0.2746
C15: Pensión | D15: 0.12
C16: Salud | D16: 0.085
C17: A.R.P. | D17: 0.0696
B19: 3 | C19: PARAFISCALES | E19: =SUM(D20:D22) -> 0.09
C20: Caja de Compensación | D20: 0.04
C21: I.C.B.F. | D21: 0.03
C22: Sena | D22: 0.02
B24: 4 | C24: COSTOS INDIRECTOS | E24: =SUM(D25:D25) -> 0
C25: Operación oficina
B27: TOTAL | E27: =SUM(E7:E24) -> 1.5829333
B29: FACTOR MULTIPLICADOR | E29: =ROUND((E27),2) -> 1.58

Sheet PRECIOS IDU1
B2: 3007 | C2: REPLANTEO GENERAL | D2: M2 | E2: 909
B3: 3009 | C3: EXCAVACION MANUAL PARA REDES PROFUNDIDAD 0M - 2M (INCLUYE CARGUE) | D3: M3 | E3: 46379
B4: 3010 | C4: DEMOLICION PAVIMENTO ASFALTICO (INCLUYE CARGUE). NO INCLUYE TRANSPORTE Y DISPOSICIÓN FINAL DE SOBRANTES. | D4: M3 | E4: 38781
B5: 3011 | C5: DEMOLICION MANUAL SARDINEL EXISTENTE (INCLUYE CARGUE). NO INCLUYE TRANSPORTE Y DISPOSICIÓN FINAL DE SOBRANTES. | D5: ML | E5: 6417
B6: 3012 | C6: DEMOLICIÓN PISOS DE CONCRETO (ESPESOR VARIABLE HASTA 0.10 M. INCLUYE CARGUE). NO INCLUYE TRANSPORTE Y DISPOSICIÓN FINAL DE SOBRANTES. | D6: M2 | E6: 8262
B7: 3015 | C7: RETIRO DE POSTES DE AP/LA (INCLUYE TRASLADO A SITIO DE ACOPIO) | D7: UN | E7: 251585
B8: 3017 | C8: TRANSPORTE Y DISPOSICIÓN FINAL DE ESCOMBROS EN SITIO AUTORIZADO (DISTANCIA DE TRANSPORTE 21 KM). A DISTANCIA MAYOR DEL ACARREO LIBRE (90 M) EN SITIO AUTORIZADO POR LA ENTIDAD AMBIENTAL COMPETENTE. | D8: M3 | E8: 45600
B9: 3018 | C9: RELLENO EN TIERRA NEGRA PARA EMPRADIZACION (SUMINISTRO Y EXTENDIDO) | D9: M3 | E9: 98470
B10: 3021 | C10: DEMOLICION PAVIMENTO ASFALTICO (ESPESOR VARIABLE. INCLUYE CARGUE). NO INCLUYE TRANSPORTE Y DISPOSICIÓN FINAL DE SOBRANTES. | D10: M2 | E10: 7446
B11: 3022 | C11: DEMOLICIÓN PISOS DE CONCRETO (INCLUYE CARGUE). NO INCLUYE TRANSPORTE Y DISPOSICIÓN FINAL DE SOBRANTES. | D11: M3 | E11: 58281
B12: 3024 | C12: RELLENO PARA REDES EN ARENA DE PEÑA (SUMINISTRO, EXTENDIDO, HUMEDECIMIENTO Y COMPACTACIÓN) | D12: M3 | E12: 155503
B13: 3027 | C13: SARDINEL TIPO A10 (SUMINISTRO E INSTALACIÓN. INCLUYE 3CM MORTERO 1:5) | D13: ML | E13: 80323
... B3190: 10559 | C3190: MANTENIMIENTO PREVENTIVO ESPACIO PUBLICO PARA EL COBRO DE LA RETRIBUCION POR APROVECHAMIENTO ECONOMICO (INCLUYE LIMPIEZA E INSTALACION DE SELLO DE ARENA PARA ADOQUÍN) | D3190: M2 | E3190: 1710

Sheet PRECIOS IDU
B2: 322 | C2: CONCRETO GRAVA COMÚN 2000 PSI 14 MPa (140 Kg/m2) | D2: M3 | E2: 529550
B3: 323 | C3: CONCRETO GRAVA COMÚN 2500 PSI 17 MPa (175 Kg/cm2) | D3: M3 | E3: 545437
B4: 324 | C4: CONCRETO GRAVA COMÚN 3000 PSI 21 MPa (210 Kg/cm2) | D4: M3 | E4: 559205
B5: 325 | C5: CONCRETO GRAVA COMÚN 3500 PSI 24 MPa (245 Kg/cm2) | D5: M3 | E5: 576150
B6: 326 | C6: CONCRETO GRAVA COMÚN 4000 PSI 28 MPa (280 Kg/cm2) | D6: M3 | E6: 593096
B7: 328 | C7: CONCRETO GRAVA COMÚN 5000 PSI 34 MPa (350 Kg/cm2) | D7: M3 | E7: 637049
B8: 333 | C8: CONCRETO GRAVA FINA 3000 PSI 21 MPa (210 Kg/cm2) | D8: M3 | E8: 572973
B9: 366 | C9: MORTERO 2000 PSI 14 MPa (140 Kg/cm2) | D9: M3 | E9: 555767
B10: 1505 | C10: COMPACTADOR DE LLANTAS - MASA SIN LASTRES DE 9 A 11 TONELADAS - INCLUYE OPERARIO Y COMBUSTIBLE | D10: HR | E10: 182521
B11: 1512 | C11: GRAMA | D11: M2 | E11: 17850
B12: 1515 | C12: FORMALETA METÁLICA SARDINEL | D12: ML/DI | E12: 1131
B13: 1794 | C13: ALAMBRE RECOCIDO No.18 | D13: KG | E13: 5501
... B2794: 13520 | C2794: JUNTA DE DILATACIÓN ELASTOMERICA MOVIMIENTO 330 mm (+/- 165 mm) | D2794: ML | E2794: 7613744
B2795: 12347 | C2795: MANTO ASFÁLTICO IMPERMEABILIZANTE HDPE + FP 250 | E2795: 285576
B2796: 12348 | C2796: EMULSIÓN ASFÁLTICA IMPERMEABILIZANTE ED-9 - Impermeabilización y reparación de humedad. (Tambor de 55 galones) | E2796: 642600
B2797: 12349 | C2797: COPA T11 4X2 PULG GRAMOS 24 DESBASTE CARBONO | E2797: 45432
B2798: 12350 | C2798: ANDAMIO CERTIFICADO MULTIDIRECCIONAL, 1 TORRE, SECCIÓN DE 1.4 X 1.4 M, ALTURA DE ANDAMIO 3 M | E2798: 15765
B2799: 12351 | C2799: TEJIDO DE FIBRA DE CARBONO PARA REFORZAMIENTO ESTRUCTURAL. Rollo de 50cm x 100M | E2799: 12252126
B2800: 12352 | C2800: MORTERO SIN CONTRACCIÓN PARA ANCLAJES Y RELLENOS DE PRECISIÓN | E2800: 150900
B2801: 12353 | C2801: APOYO ELASTOMÉRICO D60 400MM X 69MM CON 5 PLATINAS DE REFUERZO INTERNO | E2801: 963900
B2802: 12355 | C2802: ANDAMIO CERTIFICADO MULTIDIRECCIONAL, 1 TORRE, SECCIÓN DE 1.4 X 1.4 M, ALTURA DE ANDAMIO 4 M | E2802: 22003
B2803: 12356 | C2803: LÁMINA HR 8mm x 20"A588 GR B/A709 GR 50/W | E2803: 6962
B2804: 12357 | C2804: BOTIQUIN TIPO A DOTADO PORTATIL | E2804: 88000
B2805: 12358 | C2805: APOYOS DE NEOPRENO DE 500mm x 400mm x 50mm Dureza 60. Con refuerzo de 2 láminas de 1/4" | E2805: 702100
B2806: 12359 | C2806: Ejecución de las obras y actividades complementarias para el reforzamiento estructural de puentes vehiculares en Bogotá D.C. Grupo C - VÁLVULA TIPO MARIPOSA DOBLE EXCENTRICIDAD SIN ACTUADOR 150PSI DE Ø20" | E2806: 27206489
... B3650: 13222 | C3650: LEVANTAMIENTO CON TECNOLOGIA GEORADAR(GPR)- Ground Penetrating Radar. Señal electromagnética de alta frecuencia, barrido con antena. Detección de redes. Incluye informe y radargramas | E3650: 5355000

Sheet VALORES DE REFERENCIA
B2: 10135 | C2: RECONSTRUCCION DE MALLA VIAL INTERMEDIA EN PAVIMENTO FLEXIBLE e=0.17 (NO INCLUYE SARDINEL), INCLUYE DEMOLICIÓN, EXCAVACIÓN, ESTABILIZACIÓN DE SUBRASANTE, RIEGO, IMPRIMACIÓN, DEMARCACIÓN, TRANSPORTE Y DISPOSICION DE ESCOMBROS A 21KM. | D2: M2 | E2: 487424
B3: 10136 | C3: RECONSTRUCCIÓN DE MALLA VIAL INTERMEDIA EN LOSAS EN CONCRETO HIDRÁULICO MR-45 e=0.20m (NO INCLUYE SARDINEL), INCLUYE DEMOLICIÓN, EXCAVACIÓN, CORTE DE PAVIMENTO, SELLADO DE JUNTAS, CURADO, ESTABILIZACIÓN DE SUBRASANTE, DEMARCACIÓN, TRANSPORTE Y DISPOSICION DE ESCOMBROS A 21KM. | D3: M2 | E3: 531095
B4: 10137 | C4: REHABILITACIÓN DE MALLA VIAL INTERMEDIA EN PAVIMENTO FLEXIBLE e= 0.17m (NO INCLUYE SARDINEL), INCLUYE DEMOLICIÓN, EXCAVACIÓN, RIEGO, IMPRIMACIÓN, DEMARCACIÓN, TRANSPORTE Y DISPOSICION DE ESCOMBROS A 21KM. | D4: M2 | E4: 390101
B5: 10138 | C5: REHABILITACIÓN DE MALLA VIAL INTERMEDIA EN PAVIMENTO RÍGIDO: LOSAS EN CONCRETO HIDRÁULICO MR-45 e=0.20m (NO INCLUYE SARDINEL), INCLUYE DEMOLICIÓN, EXCAVACIÓN, CORTE DE PAVIMENTO, SELLADO DE JUNTAS, CURADO, DEMARCACIÓN, TRANSPORTE Y DISPOSICION DE ESCOMBROS A 21KM. | D5: M2 | E5: 482401
B6: 10139 | C6: MANTENIMIENTO PERIÓDICO DE MALLA VIAL INTERMEDIA EN CONCRETO ASFÁLTICO, (INCLUYE 50% BACHEO-3 ML SELLO DE GRIETAS, LIMPIEZA DE SUMIDEROS, LIMPIEZA DE POZOS, TRANSPORTE Y DISPOSICION DE ESCOMBROS A 21KM. HORARIO NOCTURNO | D6: M2 | E6: 108638
B7: 10140 | C7: MANTENIMIENTO PERIÓDICO DE MALLA VIAL INTERMEDIA EN CONCRETO HIDRÁULICO, INCLUYE LIMPIEZA DE POZOS Y SUMIDEROS, REPOSICION DE LOSAS, SELLO DE JUNTAS, TRANSPORTE Y DISPOSICION DE ESCOMBROS A 21KM. HORARIO NOCTURNO | D7: M2 | E7: 211981
B8: 10141 | C8: MANTENIMIENTO RUTINARIO DE MALLA VIAL INTERMEDIA EN CONCRETO ASFÁLTICO (INCLUYE SELLO DE FISURAS, SELLO DE GRIETAS, LIMPIEZA DE SUMIDEROS Y LIMPIEZA DE POZOS) | D8: M2 | E8: 12408
B9: 10142 | C9: MANTENIMIENTO RUTINARIO DE MALLA VIAL INTERMEDIA EN CONCRETO HIDRAULICO, (INCLUYE SELLO JUNTAS, SELLO DE FISURAS, LIMPIEZA DE SUMIDEROS Y LIMPIEZA DE POZOS) | D9: M2 | E9: 12709
B10: 10144 | C10: RECONSTRUCCION DE MALLA VIAL LOCAL EN PAVIMENTO FLEXIBLE e=0.17 (NO INCLUYE SARDINEL), INCLUYE DEMOLICIÓN, EXCAVACIÓN, ESTABILIZACIÓN DE SUBRASANTE, IMPRIMACIÓN, RIEGO, DEMARCACIÓN, TRANSPORTE Y DISPOSICION DE ESCOMBROS A 21. | D10: M2 | E10: 452554
B11: 10147 | C11: RECONSTRUCCIÓN DE MALLA VIAL LOCAL EN LOSAS EN CONCRETO HIDRÁULICO MR-45 e=0.20m (NO INCLUYE SARDINEL), INCLUYE EXCAVACIÓN, ESTABILIZACIÓN DE SUBRASANTE, CORTE DE PAVIMENTO, CURADO, SELLO DE JUNTAS, TRANSPORTE Y DISPOSICION DE ESCOMBROS A 21KM. | D11: M2 | E11: 470243
B12: 10153 | C12: REHABILITACIÓN DE MALLA VIAL LOCAL EN PAVIMENTO FLEXIBLE e= 0.17m (NO INCLUYE SARDINEL), INCLUYE DEMOLICIÓN, EXCAVACIÓN, IMPRIMACIÓN, RIEGO, DEMARCACIÓN, TRANSPORTE Y DISPOSICION DE ESCOMBROS A 21KM. | D12: M2 | E12: 353515
B13: 10154 | C13: REHABILITACIÓN DE MALLA VIAL LOCAL EN PAVIMENTO RÍGIDO: LOSAS EN CONCRETO HIDRÁULICO MR-45 e=0.20m (NO INCLUYE SARDINEL) | D13: M2 | E13: 416478
... B18: 10145 | C18: REHABILITACIÓN DE ESPACIO PÚBLICO EN CONCRETO ESTAMPADO INCLUYE DEMOLICIÓN RETIRO Y REEMPLAZO DEL MATERIAL, EXCAVACIÓN, JUEGO DE MOLDES, CURADOR, DESMOLDANTE, TRANSPORTE Y DISPOSICION DE ESCOMBROS A 21KM. | D18: M2 | E18: 292684
